 Dungeon Crawl Stone Soup version 0.30-a0-1082-g70414cbcbb (webtiles) character file.

Game seed: 1042942196847912761

39919334 glosham the Archmage (level 27, 273/273 HPs)
             Began as a Meteoran Hunter on Apr 8, 2023.
             Was the Champion of Cheibriados.
             Escaped with the Orb
             ... and 15 runes on Apr 15, 2023!
             The game lasted 1 day 06:53:26 (36751 turns).

glosham the Archmage (Meteoran Hunter)         Turns: 36751, Time: 1 , 06:53:26

Health: 273/273    AC: 53    Str: 37    XL:     27
Magic:  61/61      EV: 40    Int: 67    God:    Cheibriados [******]
Gold:   15338      SH: 23    Dex: 44    Spells: 2/80 levels left

rFire   + + .      SeeInvis .    a - +6 Majin-Bo {spellvamp, MP+6 Int+6}
rCold   + + .      Faith    .    Z - +1 kite shield {rC+ rF+}
rNeg    . . .      Spirit   .    X - +8 orange crystal plate armour {Archmagi, Int+3 Clar}
rPois   .          Reflect  .    T - +0 hat "Hero's Friend" {rElec rC+ Dex+4}
rElec   +          Rampage  .    Y - +2 cloak {rCorr}
rCorr   +          Archmagi +    U - +1 pair of gloves of Mysticism {Harm Will+ Str+3}
Will    +++++      Clarity  +    V - +5 pair of boots of Vediskit {Int+4} Stlth Harm + .
                                 z - amulet "Jegrow" {Acrobat Will++ Regen+ Stlth+}
HPRegen 1.45/turn                A - ring "Ischoykh" {Wiz Drain +Blink Str+3 Int+8}
MPRegen 0.37/turn                B - ring "Ceutzu Qack" {rF+ Will- Str+5 Int+9}

@: glowing, studying 4 skills, very slow
A: sense surroundings 3, otherworldly, glowing, explore regen, agile 1, weak 1,
wild magic 1
0: Orb of Zot
}: 15/15 runes: serpentine, barnacled, slimy, silver, golden, iron, obsidian,
icy, bone, abyssal, demonic, glowing, magical, fiery, dark
a: Renounce Religion, Evoke Blink, Bend Time, Temporal Distortion, Slouch, Step
From Time


You escaped.
You worshipped Cheibriados.
Cheibriados was exalted by your worship.
You visited 18 branches of the dungeon, and saw 86 of its levels.
You visited Pandemonium 4 times, and saw 16 of its levels.
You visited the Abyss 3 times.
You completed 1 ziggurat, and saw 27 of its levels.
You also visited: Gauntlet, Ice Cave and Desolation.

You collected 18981 gold pieces.
You spent 3643 gold pieces at shops.

Inventory:

Hand Weapons
 a - the +6 Majin-Bo (weapon) {spellvamp, MP+6 Int+6}
   (You found it on level 12 of a ziggurat)

   Int:       It affects your intelligence (+6).
   MP:        It affects your magic capacity (+6).
 b - the +9 lance "Wyrmbane" {slay drac, rPois rF+ rC+ AC+3}
   (You found it on level 7 of Tartarus)

   AC:        It affects your AC (+3).
   rF:        It protects you from fire.
   rC:        It protects you from cold.
   rPois:     It protects you from poison.
 h - a +5 eudemon blade of holy wrath
Missiles
 O - 22 silver javelins (quivered)
Armour
 M - the +0 mask of the Dragon {Will+ Slay+3 SInv}
   (You found it on level 24 of a ziggurat)

   Slay:      It affects your accuracy & damage with ranged weapons and melee
   (+3).
   SInv:      It lets you see invisible.
   Will:      It increases your willpower.
 T - the +0 hat "Hero's Friend" (worn) {rElec rC+ Dex+4}
   (You found it on level 4 of the Vaults)

   Dex:       It affects your dexterity (+4).
   rC:        It protects you from cold.
   rElec:     It insulates you from electricity.
 U - the +1 pair of gloves of Mysticism (worn) {Harm Will+ Str+3}
   (You found it on level 5 of the Vaults)

   Str:       It affects your strength (+3).
   Harm:      It increases damage dealt and taken.
   Will:      It increases your willpower.
 V - the +5 pair of boots of Vediskit (worn) {Int+4}
   (You found it in a Gauntlet)

   Int:       It affects your intelligence (+4).
 X - the +8 orange crystal plate armour (worn) {Archmagi, Int+3 Clar}
   (You found it on level 7 of the Iron City of Dis)

   Int:       It affects your intelligence (+3).
   Clar:      It protects you against confusion.
 Y - a +2 cloak of preservation (worn)
 Z - a +1 kite shield of resistance (worn)
Magical Staves
 N - the staff of air "Udaxoy" {Fly rElec rF- Str+5 Stlth+}
   (You found it on level 25 of a ziggurat)

   [staff of air]

   Base accuracy: +5 Base damage: 5 Base attack delay: 1.2 This weapon's minimum
   attack delay (0.6) is reached at skill level 12.
   Str:       It affects your strength (+5).
   rF:        It makes you vulnerable to fire.
   rElec:     It insulates you from electricity.
   Fly:       It grants you flight.
   Stlth:     It makes you more stealthy.
   It falls into the 'Staves' category.
   It is a one-handed weapon.
 Q - the staff of earth "Zeal" {rElec}
   (You found it on level 26 of a ziggurat)

   [staff of earth]

   Base accuracy: +5 Base damage: 5 Base attack delay: 1.2 This weapon's minimum
   attack delay (0.6) is reached at skill level 12.
   rElec:     It insulates you from electricity.
   It falls into the 'Staves' category.
   It is a one-handed weapon.
 R - the staff of earth "Ukeraexa" {Drain rElec rC++ SInv}
   (You found it on level 5 of the Vaults)

   [staff of earth]

   Base accuracy: +5 Base damage: 5 Base attack delay: 1.2 This weapon's minimum
   attack delay (0.6) is reached at skill level 12.
   rC:        It greatly protects you from cold.
   rElec:     It insulates you from electricity.
   SInv:      It lets you see invisible.
   Drain:     It drains your maximum health when unequipped.
   It falls into the 'Staves' category.
   It is a one-handed weapon.
Jewellery
 z - the amulet "Jegrow" (around neck) {Acrobat Will++ Regen+ Stlth+}
   (You took it off a vault sentinel on level 5 of the Vaults)

   [amulet of the acrobat]

   It increases your evasion while moving and waiting.
   Regen:     It increases your rate of health regeneration.
   Will:      It greatly increases your willpower.
   Stlth:     It makes you more stealthy.
 A - the ring "Ischoykh" (left hand) {Wiz Drain +Blink Str+3 Int+8}
   (You took it off a merfolk on level 4 of the Shoals)

   [ring of wizardry]

   It improves your spell success rate.
   Str:       It affects your strength (+3).
   Int:       It affects your intelligence (+8).
   +Blink:    It lets you blink.
   Drain:     It drains your maximum health when unequipped.
 B - the ring "Ceutzu Qack" (right hand) {rF+ Will- Str+5 Int+9}
   (You found it on level 23 of a ziggurat)

   [ring of protection from fire]

   Str:       It affects your strength (+5).
   Int:       It affects your intelligence (+9).
   rF:        It protects you from fire.
   Will:      It decreases your willpower.
 D - the ring "Ocsajue" {rF+ Str+5 Slay+3}
   (You found it in the Desolation of Salt)

   [ring of protection from fire]

   Str:       It affects your strength (+5).
   Slay:      It affects your accuracy & damage with ranged weapons and melee
   (+3).
   rF:        It protects you from fire.
 F - the ring "Nouteg" {Fly rC+ SInv}
   (You found it on level 19 of a ziggurat)

   [ring of flight]

   rC:        It protects you from cold.
   SInv:      It lets you see invisible.
   Fly:       It grants you flight.
 I - the ring "Neir" {+Blink Int+4 SInv}
   (You found it on level 7 of Tartarus)

   [ring of see invisible]

   Int:       It affects your intelligence (+4).
   SInv:      It lets you see invisible.
   +Blink:    It lets you blink.
 J - the macabre finger necklace {Finger+ rN+}
   (You found it on level 22 of a ziggurat)

   [amulet of nothing]

   Finger+:   It enables you to equip an extra ring.
   rN:        It protects you from negative energy.
 K - the ring "Veor" {Str+5 Int+6}
   (You took it off a ragged hierophant in the Desolation of Salt)

   [ring of intelligence]

   Str:       It affects your strength (+5).
   Int:       It affects your intelligence (+6).
 L - the ring "Irionori" {Fire Str+3 Slay+6 Stlth+}
   (You found it on level 25 of a ziggurat)

   [ring of fire]

   It enhances your fire magic.
   Str:       It affects your strength (+3).
   Slay:      It affects your accuracy & damage with ranged weapons and melee
   (+6).
   rF:        It protects you from fire.
   rC:        It makes you vulnerable to cold.
   Stlth:     It makes you more stealthy.
 P - the ring of Jiax {Fire rPois}
   (You found it on level 23 of a ziggurat)

   [ring of fire]

   It enhances your fire magic.
   rF:        It protects you from fire.
   rC:        It makes you vulnerable to cold.
   rPois:     It protects you from poison.
 S - the ring of the Catfish {rN+ rCorr}
   (You found it on level 25 of a ziggurat)

   [ring of resist corrosion]

   rN:        It protects you from negative energy.
   rCorr:     It protects you from acid and corrosion.
Wands
 f - a wand of flame (69)
 g - a wand of digging (31)
 i - a wand of roots (51)
 j - a wand of light (57)
Scrolls
 k - 41 scrolls of teleportation
 l - 14 scrolls of blinking
 m - 15 scrolls of fog
 n - 11 scrolls of fear
 o - 6 scrolls of immolation
 p - 10 scrolls of magic mapping
 C - 2 scrolls of amnesia
 E - 3 scrolls of summoning
Potions
 q - a potion of ambrosia
 r - 26 potions of curing
 s - 23 potions of heal wounds
 t - 7 potions of magic
 u - 3 potions of resistance
 v - 10 potions of brilliance
 w - 8 potions of cancellation
 x - 15 potions of flight
 y - 6 potions of might
 G - 7 potions of attraction
 H - 26 potions of mutation {!q}
Miscellaneous
 c - a condenser vane
 d - a tin of tremorstones (2/2)
 e - a lightning rod (4/4)
 W - 2 +1 figurines of a ziggurat


   Skills:
 O Level 27 Fighting
 - Level 8.9(12.9) Polearms
 - Level 14.7(15.6) Staves
 - Level 18.0 Ranged Weapons
 O Level 27 Throwing
 O Level 27 Armour
 - Level 24.6 Dodging
 - Level 0.6 Stealth
 - Level 21.1 Shields
 O Level 27 Spellcasting
 - Level 21.5 Conjurations
 * Level 22.3 Necromancy
 - Level 17.2 Translocations
 - Level 14.5 Transmutations
 - Level 23.4 Fire Magic
 - Level 23.2 Ice Magic
 O Level 27 Earth Magic
 - Level 14.0 Invocations
 - Level 15.8 Evocations


You had 2 spell levels left.
You knew the following spells:

 Your Spells              Type           Power      Damage    Failure   Level
a - Apportation           Tloc           100%       N/A       1%          1
g - Passage of Golubria   Tloc           100%       N/A       1%          4
i - Ignition              Fire           100%       3d25      1%          8
m - Sublimation of Blood  Necr           100%       N/A       1%          2
n - Necromutation         Tmut/Necr      95%        N/A       1%          8
s - Shatter               Erth           100%       3d71*     1%          9
v - Polar Vortex          Ice            100%       N/A       1%          9
w - Fire Storm            Conj/Fire      100%       8d25      1%          9
x - Lehudib's Crystal Sp  Conj/Erth      100%       10d22     1%          8
z - Vhi's Electric Charg  Tloc/Air       100%       N/A       1%          3
D - Death's Door          Necr           100%       N/A       1%          9
J - Disjunction           Tloc           93%        N/A       1%          8

Your spell library contained the following spells:

 Spells                   Type           Power      Damage    Failure   Level
 Beastly Appendage        Tmut           100%       N/A       1%          1
 Foxfire                  Conj/Fire      100%       2x1d9     1%          1
 Freeze                   Ice            100%       1d10      1%          1
 Kiss of Death            Conj/Necr      100%       2d13      1%          1
 Magic Dart               Conj           100%       1d8       1%          1
 Necrotise                Necr           100%       1d9       1%          1
 Sandblast                Erth           100%       2d20      1%          1
 Shock                    Conj/Air       100%       1d9       1%          1
 Slow                     Hex            100%       N/A       1%          1
 Sting                    Tmut/Pois      100%       1d8       1%          1
 Summon Small Mammal      Summ           100%       N/A       1%          1
 Blink                    Tloc           100%       N/A       1%          2
 Call Imp                 Summ           100%       N/A       1%          2
 Cigotuvi's Dreadful Rot  Necr/Pois/Air  100%       N/A       1%          2
 Ensorcelled Hibernation  Hex/Ice        100%       N/A       1%          2
 Passwall                 Tmut/Erth      100%       N/A       1%          2
 Poisonous Vapours        Pois/Air       100%       N/A       1%          2
 Scorch                   Fire           100%       2d9       1%          2
 Searing Ray              Conj           100%       2d8       1%          2
 Static Discharge         Conj/Air       100%       2-7/arc   1%          2
 Wereblood                Tmut           100%       N/A       1%          2
 Call Canine Familiar     Summ           100%       N/A       1%          3
 Confusing Touch          Hex            100%       N/A       1%          3
 Dazzling Flash           Conj/Hex       100%       N/A       1%          3
 Frozen Ramparts          Ice            100%       1d16      1%          3
 Gell's Gravitas          Tloc           100%       N/A       1%          3
 Hailstorm                Conj/Ice       100%       3d20      1%          3
 Ignite Poison            Fire/Tmut/Pois 100%       N/A       1%          3
 Inner Flame              Hex/Fire       100%       N/A       1%          3
 Mephitic Cloud           Conj/Pois/Air  100%       N/A       1%          3
 Ozocubu's Armour         Ice            100%       N/A       1%          3
 Portal Projectile        Hex/Tloc       100%       N/A       1%          3
 Spider Form              Tmut/Pois      100%       N/A       1%          3
 Stone Arrow              Conj/Erth      100%       3d13      1%          3
 Summon Guardian Golem    Hex/Summ       100%       N/A       1%          3
 Swiftness                Air            100%       N/A       1%          3
 Teleport Other           Tloc           100%       N/A       1%          3
 Tukima's Dance           Hex            100%       N/A       1%          3
 Vampiric Draining        Necr           100%       2d13      1%          3
 Volatile Blastmotes      Fire/Tloc      100%       2d18      1%          3
 Airstrike                Air            54%        2d(8-24)  1%          4
 Anguish                  Hex/Necr       84%        N/A       1%          4
 Animate Armour           Summ/Erth      100%       N/A       1%          4
 Animate Dead             Necr           100%       N/A       1%          4
 Cause Fear               Hex            54%        N/A       1%          4
 Dispel Undead            Necr           100%       3d31      1%          4
 Flame Wave               Conj/Fire      100%       2d21      1%          4
 Fulminant Prism          Conj/Hex       83%        3d33      1%          4
 Ice Form                 Ice/Tmut       100%       N/A       1%          4
 Iskenderun's Mystic Bla  Conj/Tloc      100%       2d19      1%          4
 Leda's Liquefaction      Hex/Erth       88%        N/A       1%          4
 Manifold Assault         Tloc           100%       N/A       1%          4
 Olgreb's Toxic Radiance  Pois           100%       N/A       1%          4
 Petrify                  Tmut/Erth      100%       N/A       1%          4
 Sticky Flame             Conj/Fire      100%       2d11      1%          4
 Summon Ice Beast         Ice/Summ       100%       N/A       1%          4
 Summon Lightning Spire   Summ/Air       100%       N/A       1%          4
 Agony                    Necr           100%       N/A       1%          5
 Alistair's Intoxication  Tmut/Pois      100%       N/A       1%          5
 Arcjolt                  Conj/Air       83%        1d93      1%          5
 Blade Hands              Tmut           90%        N/A       1%          5
 Borgnjor's Vile Clutch   Necr/Erth      100%       N/A       1%          5
 Fireball                 Conj/Fire      100%       3d36      1%          5
 Freezing Cloud           Conj/Ice/Air   90%        6-21      1%          5
 Irradiate                Conj/Tmut      95%        3d43      1%          5
 Iskenderun's Battlesphe  Conj           100%       2d15      1%          5
 Lee's Rapid Deconstruct  Erth           100%       3d44*     1%          5
 Metabolic Englaciation   Hex/Ice        85%        N/A       1%          5
 Summon Forest            Summ/Tloc      79%        N/A       1%          5
 Yara's Violent Unravell  Hex/Tmut       76%        3d28      1%          5
 Conjure Ball Lightning   Conj/Air       83%        3x3d31    1%          6
 Death Channel            Necr           100%       N/A       1%          6
 Dispersal                Tloc           93%        N/A       1%          6
 Eringya's Noxious Bog    Tmut/Pois      76%        N/A       1%          6
 Iron Shot                Conj/Erth      100%       9d18      1%          6
 Plasma Beam              Fire/Air       85%        2x1d113   1%          6
 Simulacrum               Ice/Necr       100%       N/A       1%          6
 Starburst                Conj/Fire      100%       6d25      1%          6
 Statue Form              Tmut/Erth      100%       N/A       1%          6
 Dragon Form              Tmut           90%        N/A       1%          7
 Haunt                    Necr/Summ      84%        N/A       1%          7
 Ozocubu's Refrigeration  Ice            100%       4d29      1%          7
 Spellforged Servitor     Conj/Summ      83%        N/A       1%          7
 Borgnjor's Revivificati  Necr           100%       N/A       1%          8
 Infestation              Necr           100%       N/A       1%          8
 Silence                  Hex/Air        54%        N/A       4%          5
 Summon Mana Viper        Hex/Summ       100%       N/A       4%          5
 Malign Gateway           Summ/Tloc      79%        N/A       4%          7
 Storm Form               Tmut/Air       76%        N/A       6%          7
 Summon Cactus Giant      Summ           54%        N/A       21%         6
 Enfeeble                 Hex            54%        N/A       67%         7
 Monstrous Menagerie      Summ           54%        N/A       67%         7
 Summon Hydra             Summ           54%        N/A       67%         7
 Discord                  Hex            54%        N/A       99%         8
 Maxwell's Capacitive Co  Air            54%        ∞         99%         8
 Summon Horrible Things   Summ           54%        N/A       99%         8
 Dragon's Call            Summ           54%        N/A       100%        9


Dungeon Overview and Level Annotations

Branches:
Dungeon (15/15)            Temple (1/1) D:4            Lair (5/5) D:8
 Shoals (4/4) Lair:3        Snake (4/4) Lair:3        Slime (5/5) Lair:4
    Orc (2/2) D:9             Elf (3/3) Orc:2        Vaults (5/5) D:14
  Crypt (3/3) Vaults:3       Tomb (3/3) Crypt:3      Depths (4/4) D:15
   Hell (visited)             Dis (7/7) Hell            Geh (7/7) Hell
    Coc (7/7) Hell            Tar (7/7) Hell            Zot (5/5) Depths:4
  IceCv (visited)         Desolation (visited)      Gauntlet (visited)

Altars:
Ashenzari
Cheibriados
Dithmenos
Elyvilon
Fedhas
Gozag
Hepliaklqana
Kikubaaqudgha
Makhleb
Nemelex Xobeh
Okawaru
Qazlal
Ru
Sif Muna
Trog
Uskayaw
Vehumet
Wu Jian
Xom
Yredelemnul
Zin
The Shining One
Jiyva
Lugonu

Shops:
D:1 *   D:5 :   D:10 *   Orc:2 ([*=   Elf:1 =   Elf:3 *?*!   Shoals:1 (
Snake:3 (   Snake:4 (((   Depths:2 (   Depths:3 =

Portals:
Hell: Depths:1 Depths:2 Depths:3 Depths:4
Abyss: Shoals:2 Depths:1 Depths:3
Pandemonium: Depths:2

Annotations:
Temple 2 transporters
Snake:1 2 transporters
Vaults:4 4 transporters


Innate Abilities, Weirdness & Mutations

You passively map a large area around you.
You are easily found by Zot.
You glow in the dark.
You regain HP and MP as you explore.
You are agile. (Dex +4, Str/Int -1)
You are weak. (Str -2)
Your spells are a little harder to cast, but a little more powerful.


Message History

(H) Hell (I) Dis (G) Gehenna (X) Cocytus (Y) Tartarus (Z) Zot
Where to? (* - list waypoints, Enter - D:1 @ (x,y), ? - help)
You climb upwards.
There is a stone staircase leading down here.
HP restored.
An Executioner and 2 large abominations come into view.
Casting: Lehudib's Crystal Spear (mildly dangerous; 1% risk of failure)
Confirm with . or Enter, or press ? or * to list all spells.
You feel a surge of power!
The dungeon rumbles!
You kill the Executioner!
Cheibriados thoroughly appreciates the change of pace.
You destroy the large abomination!
Cheibriados appreciates the change of pace.
You destroy the large abomination!
Cheibriados appreciates the change of pace.
Ka-crash!
(D) Dungeon (T) Temple (L) Lair (A) Shoals (P) Snake Pit (M) Slime Pits (O) Orcish Mines (E) Elven Halls (V) Vaults (C) Crypt (W) Tomb (U) Depths (H) Hell (I) Dis (G) Gehenna (X) Cocytus (Y) Tartarus (Z) Zot
Where to? (* - list waypoints, Enter - D:1 @ (x,y), ? - help)
There is a stone staircase leading up, spattered with blood here.
You climb upwards.
There is a stone staircase leading down here.
There is a stone staircase leading up here.
You climb upwards.
There is a stone staircase leading down here.
Magic restored.
There is a stone staircase leading up here.
You climb upwards.
There is a stone staircase leading down here.
There is a stone staircase leading up here.
You climb upwards.
There is a stone staircase leading down here.
There is an open door here.
There is a staircase leading out of the dungeon here.
You have escaped!

......#####.###### #.#
......'.....#....#####'##
......#######...........#
..##### #...........# ..#
#...........# .##
#...........# .#
###############.#
)########.........# #.#
................@.#####.#
##########........'..>#.#
##........#####.# #
##...#.....# #..# ##
##...###....# #.## .#
##...## ##.### #.# .#
##...## #.# #.# .#
#...#######+######.# .#
##.................#


There were no monsters in sight!

Vanquished Creatures
  Cerebov (Pan)
  Antaeus (Coc:7)
  the Royal Jelly (Slime:5)
  Asmodeus (Geh:7)
  Gloorx Vloq (Pan)
  the Serpent of Hell (Coc:7)
  Ereshkigal (Tar:7)
  Lom Lobon (Pan)
  A seraph (Pan)
  Mnoleg (Pan)
  9 dread liches
  Dispater (Dis:7)
  Mara (Vaults:5)
  6 orbs of fire (Zot:5)
  7 ancient liches
  2 juggernauts (Zig:20)
  Sojobo (Depths:1)
  26 royal mummies
  13 Killer Klowns
  Saint Roka (Depths:1)
  18 caustic shrikes
  22 shard shrikes
  5 curse toes
  18 profane servitors
  Nikola (Shoals:4)
  Geryon (Hell)
  23 pandemonium lords
  2 pearl dragons (Pan)
  22 golden dragons
  14 bone dragons
  19 Brimstone Fiends
  3 electric golems
  7 doom hounds
  16 Tzitzimimeh
  10 iron giants (Dis:7)
  Jorgrun (Elf:2)
  14 hellephants
  17 Ice Fiends
  21 Hell Sentinels
  23 tainted leviathans
  14 tentacled monstrosities
  26 Orb Guardians
  Murray (Hell)
  16 quicksilver dragons
  12 liches
  12 deep elf master archers
  A kraken (Shoals:4)
  25 titans
  21 Executioners
  15 sphinxes
  13 tentacled starspawn
  20 searing wretches
  2 thorn hunters
  8 deep elf blademasters
  39 acid blobs
  7 death cobs
  35 ancient champions
  13 shadow dragons
  A shadow dragon (shapeshifter) (Zig:25)
  12 tengu reavers
  14 storm dragons
  Donald (Crypt:2)
  Kirke (D:15)
  Roxanne (D:15)
  16 daevas
  5 revenants
  20 azure jellies
  13 nagarajas
  11 demonspawn warmongers
  6 narguns
  10 draconian monks
  11 frost giants
  A frost giant (shapeshifter) (Zig:25)
  15 rockslimes
  20 fire giants
  16 deep elf sorcerers
  29 vault wardens
  7 iron dragons
  Aizul (Elf:1)
  2 spectral juggernauts
  3 imperial myrmidons (Desolation)
  2 emperor scorpions (Zig:24)
  11 draconian shifters
  7 quicksilver elementals
  41 balrugs
  7 draconian scorchers
  2 spectral caustic shrikes
  6 draconian knights
  A ghoul (Zig:19)
  A caustic shrike zombie (Crypt:3)
  12 orc warlords
  10 shard shrike simulacra
  10 ghost moths
  6 deep elf elementalists
  2 curse skulls (Pan)
  15 reapers
  31 ironbound preservers
  28 quicksilver oozes
  27 stone giants
  10 ophanim (Pan)
  26 cacodemons
  41 war gargoyles
  The ghost of Ocvauboc the Covert, an adept SpEn of Okawaru (Shoals:1)
  11 demonspawn blood saints
  22 angels (Pan)
  15 draconian annihilators
  Louise (Shoals:4)
  The ghost of Anor the Fighter, a journeyman GrEE of Vehumet (Lair:5)
  2 spriggan defenders (Depths:3)
  5 draconian stormcallers
  10 demonspawn corrupters
  47 very ugly things
  22 apis (Pan)
  7 vampire knights
  9 ironbound thunderhulks
  10 dire elephants
  20 deep elf demonologists
  Azrael (Snake:1)
  3 eleionomae
  A spectral titan (Tar:5)
  16 putrid mouths
  12 demonspawn black suns
  An eleionoma (shapeshifter) (Zig:25)
  26 elemental wellsprings
  16 deep elf annihilators
  12 green draconians
  12 black draconians
  The ghost of NoOffense the Brawler, a journeyman TrMo of Hepliaklqana (D:14)
  10 wendigos
  16 bennus
  2 halazid warlocks (Desolation)
  15 red draconians
  2 dire elephants (shapeshifter) (Zig:25)
  10 white draconians
  9 lorocyprocas
  7 bunyips
  9 yellow draconians
  11 purple draconians
  A minotaur (Gauntlet)
  4 spark wasps
  7 eidola
  23 iron golems
  16 blizzard demons
  3 crystal guardians
  8 deep elf death magi
  7 ragged hierophants (Desolation)
  15 mummy priests
  A fire dragon (shapeshifter) (Vaults:5)
  16 green deaths
  14 jiangshi
  An ettin (shapeshifter) (Vaults:5)
  2 spectral krakens (Tar:7)
  5 merfolk impalers
  17 entropy weavers
  2 merfolk javelineers (Shoals:4)
  12 fire dragons
  A spectral quicksilver dragon (Tar:5)
  14 yaktaur captains
  An entropy weaver (shapeshifter) (Depths:2)
  21 ettins
  A spectral iron giant (Tar:2)
  4 spectral spriggans
  4 shambling mangroves
  A great orb of eyes (shapeshifter) (Elf:1)
  19 great orbs of eyes
  An ice dragon (shapeshifter) (Zig:18)
  18 deep elf high priests
  A spriggan zombie (Tomb:1)
  22 salamander tyrants
  8 servants of whispers (Desolation)
  Harold (Orc:1)
  11 peacekeepers
  44 vault guards
  3 rakshasas
  4 merfolk avatars
  6 hell beasts
  12 juggernaut simulacra
  2 catoblepae (Zig:17)
  4 spriggan air magi
  A ghost crab (Zig:4)
  6 ogre magi
  9 caustic shrike simulacra
  15 hydras
  8 ironbound frosthearts
  An anaconda (shapeshifter) (Zig:13)
  14 ice dragons
  3 merfolk aquamancers
  3 spriggan skeletons
  The ghost of svtm the Blocker, a novice MiFi of Yredelemnul (D:9)
  7 centaur warriors
  7 stokers
  A fenstrider witch skeleton (Crypt:3)
  14 two-headed ogres
  2 jorogumos (Zig:24)
  A spectral stone giant (Tar:1)
  12 anacondas
  2 radroaches (Zig:24)
  A death knight (Crypt:1)
  2 jorogumos (shapeshifter) (Vaults:5)
  20 naga warriors
  9 death yaks
  44 hell hogs
  3 boulder beetles
  2 tengu warriors
  4 alligators
  16 death scarabs
  The ghost of Sedotto the Slicer, a novice DsBe of Trog (D:9)
  2 alligator snapping turtles (Shoals:4)
  A spectral dire elephant (Tar:7)
  A titan zombie (Crypt:1)
  17 thrashing horrors
  41 dancing weapons
  48 sun demons
  4 deep troll earth magi (Depths:1)
  4 vampire magi
  4 deep troll shamans (Depths:2)
  3 spriggan berserkers
  8 naga sharpshooters
  10 orc high priests
  4 shock serpents
  Nergalle (Orc:1)
  13 hell knights
  3 spriggans
  A shock serpent (shapeshifter) (Zig:13)
  21 deep elf knights
  13 soul eaters
  2 spatial maelstroms (Zig:15)
  A skyshark (shapeshifter) (Zig:21)
  7 crystal echidnas
  15 sixfirhies
  37 skeletal warriors
  6 iron trolls
  5 pharaoh ants (Zig:24)
  3 titan skeletons
  8 salamander mystics
  10 shadow wraiths
  A death drake (shapeshifter) (Vaults:5)
  7 sea snakes
  A spectral bunyip (Tar:2)
  A storm dragon skeleton (Depths:3)
  10 skysharks
  14 shadow demons
  9 wretched stars
  2 goliath frogs
  A sun moth (Zig:24)
  11 glowing orange brains
  5 death drakes
  A sea snake (shapeshifter) (Zig:25)
  A glowing orange brain (shapeshifter) (Zig:13)
  2 spectral iron dragons (Tar:1)
  A spark wasp zombie (Depths:3)
  10 cherubim (Pan)
  13 deep elf archers
  2 anaconda zombies (Hell)
  6 flayed ghosts
  13 swamp dragons
  55 deep trolls
  5 orb spiders (Zig:24)
  2 lindwurms (shapeshifter)
  11 lindwurms
  2 quicksilver dragon simulacra
  5 obsidian statues
  A spriggan druid (Zig:17)
  15 naga ritualists
  14 wizards
  A steelbarb worm (shapeshifter) (Zig:16)
  2 spectral anacondas (Snake:3)
  2 shadow dragon zombies
  36 deep elf pyromancers
  13 phantasmal warriors
  9 orange crystal statues
  An oklob plant (Snake:1)
  7 steelbarb worms (Zig:24)
  14 orc knights
  19 harpies
  A spectral hydra (Tar:1)
  9 necromancers
  26 ironbound convokers
  10 orc sorcerers
  42 starcursed masses
  6 mana vipers
  32 deep elf zephyrmancers
  5 wolf spiders
  10 shining eyes
  A spectral ettin (Tar:1)
  A bunyip skeleton (Pan)
  6 cyclopes
  4 fauns
  A cyclops (shapeshifter) (D:13)
  3 fauns (shapeshifter)
  13 worldbinders
  A tengu skeleton (Vaults:3)
  2 moths of wrath (shapeshifter)
  A broodmother zombie (Crypt:2)
  48 ugly things
  A shadow dragon skeleton (Pan)
  2 shining eyes (shapeshifter)
  24 salamanders
  9 manticores
  51 black mambas
  A centaur zombie (Crypt:3)
  20 moths of wrath
  28 elephants
  18 guardian serpents
  The ghost of dluga93 the Sneak, a novice KoHs of Gozag (D:5)
  4 rust devils
  3 stone giant skeletons
  Maurice (Orc:2)
  9 water nymphs
  4 merfolk sirens
  A frost giant skeleton (Vaults:3)
  24 orange demons
  24 naga magi
  23 vault sentinels
  8 eyes of devastation
  8 molten gargoyles (Geh:7)
  3 titan simulacra
  14 torpor snails
  7 ice statues
  21 smoke demons
  8 apocalypse crabs
  18 cane toads
  14 demonic crawlers
  2 dire elephant skeletons
  An unseen horror (D:12)
  A gargoyle (D:12)
  A kobold demonologist (D:14)
  11 spectral swamp worms (Tar:7)
  Maggie (D:7)
  25 hellions
  An alligator snapping turtle zombie (Crypt:3)
  A bunyip simulacrum (Coc:1)
  4 efreet
  38 yaktaurs
  A purple draconian zombie (Crypt:3)
  10 anaconda simulacra
  13 rime drakes
  11 freezing wraiths
  17 tormentors
  15 komodo dragons
  2 elf skeletons (Vaults:3)
  21 ice devils
  A yaktaur (shapeshifter) (Zig:5)
  44 guardian mummies
  7 spectral nagas
  A human skeleton (Vaults:3)
  A sea snake skeleton (Hell)
  3 iron giant simulacra
  27 merfolk
  4 tengu conjurers
  2 silent spectres
  9 red devils
  A merfolk (shapeshifter) (Zig:25)
  3 spectral guardian serpents (Snake:3)
  11 ancient zymes
  2 meliai
  A harpy zombie (Tomb:2)
  16 hellwings
  4 polar bears
  4 spectral harpies
  A hydra zombie (Hell)
  3 bloated husks (Zig:19)
  A shadow dragon simulacrum (Coc:1)
  10 wind drakes
  9 hornets
  7 trolls
  3 harpy skeletons
  2 yaktaur skeletons (Vaults:3)
  2 hornets (shapeshifter)
  51 saltlings (Desolation)
  12 raiju
  A snapping turtle (shapeshifter) (Zig:11)
  A tarantella (shapeshifter) (Zig:25)
  2 tarantellas (Zig:24)
  12 dream sheep
  A raiju (shapeshifter) (Zig:25)
  31 blink frogs
  A stone giant simulacrum (Coc:3)
  An iron dragon simulacrum (Coc:7)
  6 jumping spiders
  5 snapping turtles
  4 air elementals
  A satyr zombie (Crypt:2)
  24 flying skulls
  55 large abominations
  A culicivora (shapeshifter) (Vaults:4)
  127 slime creatures
  4 dire elephant simulacra
  2 ice dragon skeletons (Tomb:2)
  2 shadows
  A centaur simulacrum (Coc:2)
  An ettin skeleton (Vaults:3)
  4 hogs (D:15)
  8 wyverns
  5 vampires
  17 ynoxinuls
  5 culicivoras
  A wind drake zombie (Shoals:2)
  A guardian serpent skeleton (Snake:3)
  24 water elementals
  8 wraiths
  A human (D:15)
  15 ushabtiu
  5 basilisks
  A tyrant leech zombie (Crypt:2)
  12 golden eyes
  47 yaks
  A golden eye (shapeshifter) (Depths:2)
  11 steam dragons
  26 neqoxecs
  8 vampire mosquitoes
  19 chaos spawn
  17 redbacks
  2 black mamba skeletons
  6 fire elementals
  A glowing shapeshifter zombie (Depths:3)
  A death yak simulacrum (IceCv)
  50 nagas
  A redback (shapeshifter) (Zig:13)
  A sea snake simulacrum (Snake:3)
  A spatial vortex (Shoals:2)
  A faun zombie (Crypt:3)
  15 harpy simulacra
  A swamp worm (shapeshifter) (Zig:13)
  14 small abominations
  7 acid dragons
  9 wargs
  A water moccasin (shapeshifter) (Abyss:4)
  12 hell hounds
  4 hydra simulacra
  A deep troll skeleton (Crypt:2)
  29 water moccasins
  5 naga skeletons
  2 floating eyes
  4 swamp drakes
  A demonspawn skeleton (Crypt:3)
  55 orc warriors
  2 sky beasts
  2 guardian serpent simulacra (Snake:3)
  2 ice beasts (D:8)
  A boggart (Elf:1)
  6 ettin simulacra
  22 ogres
  A snapping turtle skeleton (Crypt:2)
  5 wolves
  11 centaurs
  A rime drake zombie (Crypt:1)
  4 phantoms
  A torpor snail zombie (Crypt:2)
  8 kobold brigands
  12 bullfrogs
  A gnoll sergeant (D:10)
  A draconian skeleton (Crypt:3)
  11 earth elementals
  6 scorpions
  3 two-headed ogre simulacra (IceCv)
  7 cane toad simulacra (IceCv)
  17 wights
  22 killer bees
  5 howler monkeys
  2 elephant simulacra (IceCv)
  6 electric eels
  6 crimson imps (Pan)
  A bullfrog zombie (D:5)
  3 lava snakes (Lair:2)
  A hound (D:5)
  6 jellies
  A quasit (Abyss:3)
  29 orc priests
  Crazy Yiuf (D:5)
  2 gnoll boudas
  A sleepcap (D:5)
  2 iguanas
  35 orc wizards
  17 hell rats
  4 spriggan simulacra
  3 wolf simulacra (IceCv)
  7 polar bear simulacra (IceCv)
  A hound zombie (Crypt:3)
  34 mummies
  A howler monkey skeleton (Crypt:3)
  A howler monkey zombie (D:5)
  10 adders
  14 gnolls
  13 naga simulacra
  3 shadow imps
  7 white imps
  6 ufetubi
  4 worms
  4 dart slugs
  93 orcs
  6 bats
  A bat skeleton (Crypt:2)
  5 endoplasms
  3 giant cockroaches
  6 goblins
  8 hobgoblins
  2 jackals (D:1)
  30 kobolds
  4 quokkas
  3 training dummies (Shoals:1)
  8 ball pythons
  A frilled lizard (D:1)
  A frilled lizard skeleton (Crypt:2)
  A jackal zombie (Crypt:2)
  A quokka zombie (Crypt:3)
  8 rats
  3 ball lightnings (Pan)
  8 creeping infernos
  29 fire vortices
  A fungus (Snake:4)
  A lurking horror (Abyss:1)
  A pillar of salt (Vaults:1)
  10 starspawn tentacles
  3 tentacles (Shoals:4)
5030 creatures vanquished.

Vanquished Creatures (collateral kills)
  An orange demon (Pan)
  A rime drake (Gauntlet)
  A chaos spawn (Abyss:4)
  A large abomination (Gauntlet)
  4 small abominations (Gauntlet)
8 creatures vanquished.

Vanquished Creatures (others)
  A pandemonium lord (Pan)
  A golden dragon (Zig:19)
  A tentacled monstrosity (Zig:19)
  A fire giant (Vaults:5)
  A merfolk javelineer (Shoals:4)
  A caustic shrike simulacrum (Coc:4)
  A merfolk aquamancer (Shoals:4)
  An alligator snapping turtle (Shoals:4)
  A deep elf knight (Elf:3)
  A molten gargoyle (Desolation)
  An air elemental (Zig:23)
  2 water elementals (Depths:1)
  A harpy simulacrum (Coc:7)
  A vampire mosquito (Zig:19)
  An orc warrior (Orc:2)
  27 demonic plants (Gauntlet)
  39 fire vortices
  25 fungi
  3 pillars of salt (Vaults:1)
  79 plants
  19 starspawn tentacles
  10 tentacles
  3 withered plants
221 creatures vanquished.

Grand Total: 5259 creatures vanquished

Notes
Turn   | Place    | Note
-------+----------+-------------------------------------------
     0 | D:1      | glosham the Meteoran Hunter began the quest for the Orb.
     0 | D:1      | Reached XP level 1. HP: 17/17 MP: 2/2
    30 | D:2      | Reached XP level 2. HP: 25/25 MP: 3/3
   234 | D:3      | Reached XP level 3. HP: 30/30 MP: 4/4
   250 | D:3      | Reached skill level 5 in Ranged Weapons
   250 | D:3      | Reached skill level 3 in Dodging
   250 | D:3      | Reached XP level 4. HP: 6/37 MP: 5/5
   436 | D:4      | Reached skill level 3 in Fighting
   468 | D:4      | HP: 1/38 [orc priest/nerve-wracking pain (12)]
   470 | D:4      | Reached XP level 5. HP: 2/45 MP: 6/6
   484 | D:4      | HP: 3/45 [orc/+2 hand axe of holy wrath (3)]
   598 | D:4      | Found a staircase to the Ecumenical Temple.
   623 | Temple   | Entered the Ecumenical Temple
   623 | Temple   | Found a transporter.
   623 | Temple   | Found a transporter.
   625 | Temple   | Found a transporter.
   625 | Temple   | Found a transporter.
   638 | Temple   | Became a worshipper of Cheibriados the Contemplative
   981 | D:1      | Reached * piety under Cheibriados
   985 | D:1      | Reached XP level 6. HP: 51/51 MP: 7/7
  1013 | D:1      | Found a faded altar of an unknown god.
  1059 | D:1      | Reached skill level 6 in Ranged Weapons
  1138 | D:2      | Reached skill level 1 in Armour
  1316 | D:1      | Found Atra's Assorted Antiques.
  1325 | D:1      | Bought a scroll labelled NIUMUH SA GIN for 16 gold pieces
  1325 | D:1      | Bought 2 inky potions for 28 gold pieces
  1480 | D:3      | Reached ** piety under Cheibriados
  1823 | D:3      | Reached skill level 4 in Dodging
  2048 | D:1      | Bought a scratched coral ring for 80 gold pieces
  2130 | D:5      | Entered Level 5 of the Dungeon
  2160 | D:4      | Found a radiant altar of Vehumet.
  2171 | D:4      | Reached XP level 7. HP: 58/58 MP: 8/8
  2188 | D:4      | Reached skill level 2 in Armour
  2211 | D:5      | Found Cixaucs's Book Shoppe.
  2220 | D:5      | Found a transporter.
  2220 | D:5      | Noticed dluga93's ghost (novice KoHs)
  2240 | D:5      | Reached skill level 4 in Fighting
  2284 | D:5      | Reached skill level 7 in Ranged Weapons
  2560 | D:4      | Reached *** piety under Cheibriados
  2561 | D:4      | Reached skill level 3 in Armour
  2561 | D:4      | Reached XP level 8. HP: 67/67 MP: 9/9
  2635 | D:5      | Reached skill level 5 in Dodging
  2646 | D:5      | Found a transporter.
  2745 | D:5      | Killed dluga93's ghost
  2746 | D:5      | Reached skill level 5 in Fighting
  2746 | D:5      | Reached skill level 8 in Ranged Weapons
  2746 | D:5      | Reached skill level 4 in Armour
  2746 | D:5      | Gained mutation: You passively map the area around you.
                  | [Meteoran growth]
  2746 | D:5      | Reached XP level 9. HP: 41/74 MP: 10/10
  2757 | D:5      | Learned a level 1 spell: Apportation
  2830 | D:5      | Found a runed translucent door.
  2831 | D:5      | Noticed Crazy Yiuf
  2837 | D:5      | Killed Crazy Yiuf
  2838 | D:5      | Reached skill level 6 in Dodging
  3037 | D:6      | Reached skill level 9 in Ranged Weapons
  3037 | D:6      | Reached skill level 5 in Armour
  3074 | D:6      | Reached skill level 6 in Fighting
  3345 | D:7      | Reached **** piety under Cheibriados
  3349 | D:7      | Reached skill level 7 in Dodging
  3590 | D:6      | Reached XP level 10. HP: 84/84 MP: 11/11
  3709 | D:7      | Reached skill level 6 in Armour
  3718 | D:7      | Reached skill level 10 in Ranged Weapons
  3723 | D:7      | Found a shimmering altar of Xom.
  3736 | D:7      | Paralysed by a hornet for 2 turns
  3749 | D:7      | Reached skill level 7 in Fighting
  4172 | D:7      | Reached skill level 8 in Dodging
  4196 | D:7      | Noticed Maggie
  4204 | D:7      | Killed Maggie
  4205 | D:7      | Reached skill level 11 in Ranged Weapons
  4205 | D:7      | Reached skill level 7 in Armour
  4257 | D:7      | Reached ***** piety under Cheibriados
  4394 | D:9      | Upgraded the game from 0.30-a0-1035-g38d5fb2972 to
                  | 0.30-a0-1042-gacf32f4bd3
  4394 | D:9      | Found a runed translucent gate.
  4394 | D:9      | Found a runed translucent gate.
  4394 | D:9      | Found a runed translucent gate.
  4475 | D:9      | Reached XP level 11. HP: 80/93 MP: 12/12
  4488 | D:10     | Entered Level 10 of the Dungeon
  4545 | D:9      | Identified the scarf of Oxkyge {shadows, Dex+2}
  4705 | D:9      | Reached skill level 8 in Fighting
  4763 | D:9      | Noticed Sedotto's ghost (novice DsBe)
  4763 | D:9      | Noticed svtm's ghost (novice MiFi)
  4783 | D:8      | Reached skill level 9 in Dodging
  4786 | D:8      | Reached skill level 12 in Ranged Weapons
  4786 | D:8      | Reached skill level 8 in Armour
  4925 | D:8      | Reached skill level 1 in Translocations
  4938 | D:8      | Reached skill level 2 in Translocations
  4953 | D:8      | Noticed a cyclops
  4953 | D:8      | Noticed a two-headed ogre
  4955 | D:8      | Noticed a deep elf pyromancer
  4955 | D:8      | Noticed a centaur warrior
  4961 | D:8      | Killed a deep elf pyromancer
  5048 | D:8      | Identified the +6 great sword of Pufudits {venom, rF+}
  5072 | D:8      | Killed a centaur warrior
  5073 | D:8      | Reached skill level 3 in Translocations
  5130 | D:8      | Noticed a two-headed ogre
  5133 | D:8      | Killed a cyclops
  5133 | D:8      | Reached ****** piety under Cheibriados
  5134 | D:8      | Reached XP level 12. HP: 100/103 MP: 13/13
  5138 | D:8      | Reached skill level 4 in Translocations
  5139 | D:8      | Killed a two-headed ogre
  5175 | D:8      | Killed a two-headed ogre
  5176 | D:8      | Reached skill level 9 in Fighting
  5176 | D:8      | Reached skill level 13 in Ranged Weapons
  5176 | D:8      | Reached skill level 9 in Armour
  5316 | D:8      | Reached skill level 5 in Translocations
  5320 | D:8      | Reached skill level 1 in Spellcasting
  5391 | D:8      | Found a staircase to the Lair.
  5481 | D:8      | Reached skill level 10 in Dodging
  5640 | Lair:1   | Entered Level 1 of the Lair of Beasts
  5783 | Lair:1   | Reached skill level 2 in Spellcasting
  5844 | Lair:1   | Found a gate leading to a gauntlet.
  5857 | Gauntlet | Entered a Gauntlet
  5857 | Gauntlet | Found a transporter.
  5857 | Gauntlet | Found a transporter.
  5866 | Gauntlet | Found a transporter.
  5872 | Gauntlet | Found a transporter.
  5874 | Gauntlet | Found a large runed translucent door.
  5874 | Gauntlet | Found a large runed translucent door.
  5876 | Gauntlet | Found a large runed translucent door.
  5876 | Gauntlet | Found a large runed translucent door.
  5881 | Gauntlet | Found a runed translucent door.
  5881 | Gauntlet | Found a runed translucent door.
  5881 | Gauntlet | Found a large runed translucent door.
  5881 | Gauntlet | Found a large runed translucent door.
  5881 | Gauntlet | Found a large runed translucent door.
  5881 | Gauntlet | Found a large runed translucent door.
  5881 | Gauntlet | Found a large runed translucent door.
  5881 | Gauntlet | Found a large runed translucent door.
  5882 | Gauntlet | Found a large runed translucent door.
  5882 | Gauntlet | Found a large runed translucent door.
  5883 | Gauntlet | Found a large runed translucent door.
  5883 | Gauntlet | Found a large runed translucent door.
  5883 | Gauntlet | Found a large runed translucent door.
  5883 | Gauntlet | Found a large runed translucent door.
  5884 | Gauntlet | Found a runed translucent gate.
  5884 | Gauntlet | Found a runed translucent gate.
  5884 | Gauntlet | Found a runed translucent gate.
  5885 | Gauntlet | Found a transporter.
  5893 | Gauntlet | Found a transporter.
  5898 | Gauntlet | Reached skill level 3 in Spellcasting
  5905 | Gauntlet | Noticed an entropy weaver
  5905 | Gauntlet | Found a transporter.
  5914 | Gauntlet | Killed an entropy weaver
  5929 | Gauntlet | Identified the +5 pair of boots of Vediskit {Int+4}
  5939 | Gauntlet | Found a transporter.
  5946 | Gauntlet | Noticed a minotaur
  5957 | Gauntlet | Killed a minotaur
  5963 | Gauntlet | Identified the +5 scale mail of the Pure Geomancers {rC+
                  | rN+ Int+2}
  5992 | Lair:2   | Noticed a five-headed hydra
  5995 | Lair:2   | Killed a five-headed hydra
  5996 | Lair:2   | Reached skill level 14 in Ranged Weapons
  6005 | Lair:2   | Reached skill level 10 in Armour
  6005 | Lair:2   | Reached XP level 13. HP: 113/113 MP: 19/19
  6049 | Lair:1   | Reached skill level 10 in Fighting
  6281 | Lair:2   | Reached skill level 15 in Ranged Weapons
  6536 | Lair:3   | Reached skill level 16 in Ranged Weapons
  6673 | Lair:3   | Noticed a death yak
  6673 | Lair:3   | Noticed a death yak
  6673 | Lair:3   | Noticed a death yak
  6674 | Lair:3   | Noticed a death yak
  6677 | Lair:3   | Noticed a death yak
  6685 | Lair:3   | Killed a death yak
  6689 | Lair:3   | Killed a death yak
  6696 | Lair:3   | Killed a death yak
  6697 | Lair:3   | Reached skill level 17 in Ranged Weapons
  6701 | Lair:3   | Killed a death yak
  6710 | Lair:3   | Killed a death yak
  6799 | Lair:3   | Reached XP level 14. HP: 121/121 MP: 20/20
  6831 | Lair:3   | Found a staircase to the Shoals.
  6843 | Shoals:1 | Entered Level 1 of the Shoals
  6855 | Shoals:1 | Reached skill level 18 in Ranged Weapons
  6863 | Shoals:1 | Learned a level 4 spell: Passage of Golubria
  6878 | Shoals:3 | Reached skill level 4 in Spellcasting
  6889 | Shoals:3 | Reached skill level 5 in Spellcasting
  6960 | Shoals:3 | Reached skill level 11 in Dodging
  6993 | Shoals:3 | Reached skill level 6 in Spellcasting
  7123 | Shoals:4 | Entered Level 4 of the Shoals
  7125 | Shoals:4 | Reached skill level 7 in Spellcasting
  7176 | Shoals:4 | Reached skill level 12 in Dodging
  7204 | Shoals:4 | Noticed a kraken
  7204 | Shoals:4 | Noticed a merfolk javelineer
  7204 | Shoals:4 | Noticed a merfolk javelineer
  7205 | Shoals:4 | Noticed a merfolk javelineer
  7222 | Shoals:4 | Reached skill level 8 in Spellcasting
  7228 | Shoals:4 | Killed a merfolk javelineer
  7228 | Shoals:4 | Killed a merfolk javelineer
  7234 | Shoals:4 | Killed a merfolk javelineer
  7242 | Shoals:4 | Upgraded the game from 0.30-a0-1042-gacf32f4bd3 to
                  | 0.30-a0-1050-g2766ea1e55
  7330 | Shoals:4 | Killed a kraken
  7331 | Shoals:4 | Reached skill level 9 in Spellcasting
  7343 | Shoals:4 | Got a barnacled rune of Zot
  7361 | Shoals:4 | Noticed a merfolk impaler
  7372 | Shoals:4 | Killed a merfolk impaler
  7373 | Shoals:4 | Reached skill level 13 in Dodging
  7373 | Shoals:4 | Reached XP level 15. HP: 115/126 MP: 29/29
  7381 | Shoals:4 | Noticed Nikola
  7381 | Shoals:4 | Noticed Louise
  7423 | Shoals:4 | Identified the ring "Ischoykh" {Wiz Drain +Blink Str+3
                  | Int+8}
  7599 | Shoals:4 | Reached skill level 10 in Spellcasting
  7763 | Shoals:3 | Reached skill level 14 in Dodging
  7788 | Shoals:4 | Reached skill level 2 in Invocations
  7798 | Shoals:4 | Reached skill level 3 in Invocations
  7832 | Shoals:4 | Killed Nikola
  7833 | Shoals:4 | Reached skill level 5 in Invocations
  7850 | Shoals:4 | Identified the staff of cold "Paaho" {rPois rC+ rCorr
                  | Int+3}
  7923 | Shoals:4 | Reached skill level 6 in Invocations
  7958 | Shoals:4 | Killed Louise
  8004 | Shoals:3 | Reached skill level 7 in Invocations
  8016 | Shoals:3 | Reached skill level 8 in Invocations
  8110 | Shoals:1 | Reached skill level 9 in Invocations
  8160 | Shoals:1 | Reached skill level 10 in Invocations
  8181 | Shoals:1 | Reached XP level 16. HP: 134/134 MP: 31/31
  8208 | Shoals:1 | Reached skill level 11 in Invocations
  8258 | Shoals:1 | Found a runed translucent door.
  8258 | Shoals:1 | Found a shimmering altar of Xom.
  8258 | Shoals:1 | Noticed Ocvauboc's ghost (adept SpEn)
  8267 | Shoals:1 | Killed Ocvauboc's ghost
  8402 | Shoals:2 | Reached skill level 12 in Invocations
  8481 | Shoals:2 | Found a runed translucent door.
  8501 | Shoals:2 | Found a corrupted altar of Lugonu.
  8501 | Shoals:2 | Found a one-way gate to the infinite horrors of the Abyss.
  8527 | Shoals:2 | Gained mutation: You are frail. (-10% HP) [a shining eye]
  8532 | Shoals:2 | Reached skill level 13 in Invocations
  8541 | Shoals:2 | Voluntarily entered the Abyss.
  8541 | Abyss:1  | Found a corrupted altar of Lugonu.
  8641 | Abyss:1  | Noticed a tentacled starspawn
  8650 | Abyss:1  | Killed a tentacled starspawn
  8749 | Abyss:1  | Reached skill level 14 in Invocations
  8799 | Abyss:2  | Reached skill level 11 in Spellcasting
  8811 | Abyss:2  | Noticed a lich
  8816 | Abyss:2  | Killed a lich
  8911 | Abyss:2  | HP: 9/120 [??? (4)]
  8997 | Abyss:3  | Reached skill level 12 in Spellcasting
  9091 | Abyss:3  | Noticed a red draconian scorcher
  9101 | Abyss:3  | Killed a red draconian scorcher
  9101 | Abyss:3  | HP: 6/120 [something (20)]
  9161 | Abyss:3  | Reached skill level 13 in Spellcasting
  9229 | Abyss:3  | Reached XP level 17. HP: 117/126 MP: 19/35
  9231 | Abyss:3  | Reached skill level 14 in Spellcasting
  9379 | Abyss:3  | Noticed a daeva
  9415 | Abyss:3  | Killed a daeva
  9440 | Abyss:3  | Reached skill level 15 in Spellcasting
  9464 | Abyss:3  | Noticed a tentacled starspawn
  9471 | Abyss:3  | Killed a tentacled starspawn
  9536 | Abyss:3  | Found a corrupted altar of Lugonu.
  9563 | Abyss:3  | Found a corrupted altar of Lugonu.
  9619 | Abyss:3  | Noticed a tentacled starspawn
  9631 | Abyss:3  | Killed a tentacled starspawn
  9632 | Abyss:3  | Reached skill level 16 in Spellcasting
  9772 | Abyss:3  | Reached skill level 17 in Spellcasting
  9788 | Abyss:3  | HP: 3/126 [wretched star/lance of force (27)]
  9842 | Abyss:3  | Noticed a tentacled starspawn
  9850 | Abyss:3  | Killed a tentacled starspawn
  9940 | Abyss:3  | Gained mutation: You have hidden genetic defects. [a
                  | neqoxec]
  9942 | Abyss:3  | Lost mutation: You are frail. (-10% HP) [potion of
                  | mutation]
  9942 | Abyss:3  | Lost mutation: You have hidden genetic defects. [potion of
                  | mutation]
  9942 | Abyss:3  | Gained mutation: You are occasionally teleported next to
                  | monsters. [potion of mutation]
  9942 | Abyss:3  | Gained mutation: You have sharp toenails. [potion of
                  | mutation]
 10075 | Abyss:3  | Reached skill level 18 in Spellcasting
 10084 | Abyss:3  | Noticed a tentacled starspawn
 10092 | Abyss:3  | Killed a tentacled starspawn
 10093 | Abyss:3  | Gained mutation: You passively map a large area around you.
                  | [Meteoran growth]
 10093 | Abyss:3  | Reached XP level 18. HP: 145/147 MP: 41/41
 10154 | Abyss:3  | Noticed a bone dragon
 10215 | Abyss:3  | Noticed a tentacled starspawn
 10220 | Abyss:3  | Killed a bone dragon
 10225 | Abyss:3  | Killed a tentacled starspawn
 10270 | Abyss:3  | Noticed a tentacled starspawn
 10274 | Abyss:3  | Killed a tentacled starspawn
 10300 | Abyss:3  | Noticed a bone dragon
 10311 | Abyss:3  | Reached skill level 19 in Spellcasting
 10330 | Abyss:3  | Killed a bone dragon
 10345 | Abyss:3  | Noticed a tentacled starspawn
 10360 | Abyss:3  | Killed a tentacled starspawn
 10421 | Abyss:3  | Noticed a profane servitor
 10425 | Shoals:2 | Escaped the Abyss
 10427 | Shoals:2 | Voluntarily entered the Abyss.
 10780 | Abyss:3  | Found a corrupted altar of Lugonu.
 10834 | Abyss:4  | Reached skill level 20 in Spellcasting
 10895 | Abyss:4  | Noticed a thorn hunter
 10902 | Abyss:4  | Killed a thorn hunter
 10905 | Abyss:4  | Noticed a thorn hunter
 10907 | Abyss:4  | Got an abyssal rune of Zot
 10923 | Shoals:2 | Escaped the Abyss
 10988 | Shoals:2 | Killed a thorn hunter
 11048 | Shoals:2 | Reached skill level 21 in Spellcasting
 11180 | Shoals:1 | Found Xuimm's Firing Range.
 11239 | Lair:3   | Learned a level 3 spell: Teleport Other
 11243 | Lair:3   | Learned a level 3 spell: Vampiric Draining
 11345 | Lair:3   | Found a staircase to the Snake Pit.
 11443 | Lair:3   | Found an iron altar of Okawaru.
 11576 | Lair:4   | Reached XP level 19. HP: 154/154 MP: 45/45
 11878 | Lair:4   | Found a runed translucent door.
 11907 | Lair:4   | Noticed an acid blob
 11907 | Lair:4   | Found a staircase to the Slime Pits.
 11934 | Lair:4   | Reached skill level 22 in Spellcasting
 11953 | Lair:4   | Killed an acid blob
 12200 | Lair:5   | Entered Level 5 of the Lair of Beasts
 12375 | Lair:5   | Found a runed translucent gate.
 12375 | Lair:5   | Found a runed translucent gate.
 12375 | Lair:5   | Found a runed translucent gate.
 12407 | Lair:5   | Noticed an acid blob
 12409 | Lair:5   | Noticed an acid blob
 12409 | Lair:5   | Noticed Anor's ghost (journeyman GrEE)
 12409 | Lair:5   | Noticed an acid blob
 12410 | Lair:5   | Found a viscous altar of Jiyva.
 12421 | Lair:5   | Killed an acid blob
 12447 | Lair:5   | Killed an acid blob
 12459 | Lair:5   | Reached skill level 23 in Spellcasting
 12494 | Lair:5   | Killed an acid blob
 12502 | Lair:5   | Killed Anor's ghost
 12552 | Lair:5   | Got the Encyclopedia of the Dose and Breccia
 12751 | Lair:5   | Reached skill level 24 in Spellcasting
 12987 | D:9      | Killed svtm's ghost
 12990 | D:9      | Killed Sedotto's ghost
 13049 | D:5      | Bought a manual of Earth Magic for 800 gold pieces
 13205 | D:9      | Found a staircase to the Orcish Mines.
 13215 | Orc:1    | Entered Level 1 of the Orcish Mines
 13241 | Orc:2    | Entered Level 2 of the Orcish Mines
 13327 | Orc:2    | Reached XP level 20. HP: 125/161 MP: 42/49
 13418 | Orc:2    | Found Geonai's Antique Armour Shop.
 13418 | Orc:2    | Found Pemnun's Antique Weapon Boutique.
 13422 | Orc:2    | Found Witun's General Store.
 13422 | Orc:2    | Found Ynecs's Jewellery Shop.
 13453 | Orc:2    | Found a frozen archway.
 13453 | Orc:2    | Found a staircase to the Elven Halls.
 13464 | IceCv    | Entered an ice cave
 13512 | IceCv    | Found an ancient bone altar of Kikubaaqudgha.
 13541 | IceCv    | Reached skill level 25 in Spellcasting
 13757 | Orc:1    | Noticed Nergalle
 13827 | Orc:1    | Killed Nergalle
 13870 | Orc:1    | Noticed Harold
 13876 | Orc:1    | Killed Harold
 13877 | Orc:1    | Reached skill level 1 in Earth Magic
 13896 | Orc:1    | Reached skill level 2 in Earth Magic
 13914 | Orc:1    | Reached skill level 3 in Earth Magic
 13955 | Orc:1    | Reached skill level 4 in Earth Magic
 14112 | Orc:2    | Noticed Maurice
 14117 | Orc:2    | Killed Maurice
 14118 | Orc:2    | Reached skill level 5 in Earth Magic
 14136 | Orc:2    | Learned a level 5 spell: Borgnjor's Vile Clutch
 14205 | Orc:2    | Bought a scroll of teleportation for 30 gold pieces
 14205 | Orc:2    | Bought a scroll of immolation for 40 gold pieces
 14205 | Orc:2    | Bought a potion of curing for 30 gold pieces
 14205 | Orc:2    | Bought an Inescapable Atlas for 320 gold pieces
 14205 | Orc:2    | Bought a potion of resistance for 100 gold pieces
 14206 | Orc:2    | Bought an amulet of magic regeneration for 360 gold pieces
 14216 | Orc:2    | Learned a level 2 spell: Blink
 14223 | Orc:2    | Learned a level 6 spell: Dispersal
 14313 | Elf:1    | Entered Level 1 of the Elven Halls
 14317 | Elf:1    | Reached skill level 6 in Earth Magic
 14321 | Elf:1    | Reached skill level 7 in Earth Magic
 14346 | Elf:1    | Found Ewasi's Jewellery Shoppe.
 14350 | Elf:1    | Bought a ring of see invisible for 195 gold pieces
 14365 | Elf:1    | Reached skill level 8 in Earth Magic
 14376 | Elf:1    | Noticed Aizul
 14385 | Elf:1    | Killed Aizul
 14426 | Elf:2    | Noticed Jorgrun
 14432 | Elf:2    | Killed Jorgrun
 14433 | Elf:2    | Reached skill level 9 in Earth Magic
 14443 | Elf:2    | Reached skill level 10 in Earth Magic
 14657 | Elf:1    | Identified the -1 pair of boots of Tily {+Blink rN+ Will+}
 14668 | Elf:1    | Reached skill level 11 in Earth Magic
 14737 | Elf:1    | Reached skill level 12 in Earth Magic
 14801 | Elf:3    | Entered Level 3 of the Elven Halls
 14818 | Elf:3    | Found Awaynwaq's Magic Scroll Shoppe.
 14820 | Elf:3    | Paralysed by an air elemental for 1 turns
 14833 | Elf:3    | Found Bofaca's Distillery.
 14833 | Elf:3    | Found Renirut's General Store.
 14846 | Elf:3    | Found Veagud's General Store.
 14914 | Elf:2    | Reached skill level 13 in Earth Magic
 14949 | Elf:3    | Reached skill level 14 in Earth Magic
 14952 | Elf:3    | Reached skill level 15 in Earth Magic
 14952 | Elf:3    | Reached XP level 21. HP: 66/168 MP: 32/51
 15035 | Elf:3    | Paralysed by an air elemental for 1 turns
 15176 | Elf:3    | Reached skill level 16 in Earth Magic
 15227 | Elf:3    | Identified the ring of Awe {MP+9 Str-2 Int+5 SInv}
 15262 | Elf:3    | Identified the +3 leather armour of Durable Brilliance
                  | {rN+}
 15278 | Elf:3    | Learned a level 3 spell: Vhi's Electric Charge
 15283 | Elf:3    | Identified the staff of fire "Wilan" {rF+ Stlth+}
 15288 | Elf:3    | Identified the +0 plate armour of Sidoyf {Fly rElec rCorr}
 15296 | Elf:3    | Got Pinaups's Compendium of Apparitions and the Sky
 15353 | Elf:3    | Identified the +0 rapier "Teiklo" {elec, +Blink rF+ Int+3}
 15407 | Elf:3    | Bought a potion of brilliance for 48 gold pieces
 15407 | Elf:3    | Bought a potion of might for 48 gold pieces
 15407 | Elf:3    | Bought a potion of ambrosia for 96 gold pieces
 15407 | Elf:3    | Bought a potion of mutation for 96 gold pieces
 15413 | Elf:3    | Bought a scroll of enchant armour for 105 gold pieces
 15417 | Elf:3    | Bought a scroll of fog for 76 gold pieces
 15417 | Elf:3    | Bought a scroll of magic mapping for 142 gold pieces
 15417 | Elf:3    | Bought a scroll of teleportation for 57 gold pieces
 15546 | Elf:2    | Reached skill level 17 in Earth Magic
 15555 | Elf:2    | Found a runed translucent gate.
 15555 | Elf:2    | Found a runed translucent gate.
 15555 | Elf:2    | Found a runed translucent gate.
 15662 | Elf:2    | Reached skill level 18 in Earth Magic
 15811 | Elf:3    | Bought a potion of ambrosia for 112 gold pieces
 15853 | Orc:2    | Learned a level 2 spell: Sublimation of Blood
 15997 | D:10     | Found Zin's Purification Station.
 16128 | D:11     | Glimpsed the power of Zot.
 16298 | D:12     | Identified the +3 hand axe of Wenac {heavy, rPois rC-
                  | Int+3}
 16452 | D:10     | Found a runed translucent door.
 16473 | D:10     | Found a runed translucent door.
 16503 | D:10     | Found a runed translucent door.
 16555 | D:10     | Found a runed translucent door.
 16639 | D:9      | Reached XP level 22. HP: 177/177 MP: 42/52
 16728 | D:10     | Found a glowing silver altar of Zin.
 16966 | D:12     | Glimpsed the power of Zot.
 17297 | D:14     | Identified the +0 robe of Ereneq {Dex+4}
 17299 | D:14     | Found a runed translucent door.
 17686 | D:13     | Reached skill level 11 in Fighting
 17742 | D:15     | Entered Level 15 of the Dungeon
 17755 | D:14     | Noticed NoOffense's ghost (journeyman TrMo)
 17766 | D:14     | Killed NoOffense's ghost
 17775 | D:14     | Learned a level 3 spell: Portal Projectile
 17888 | D:14     | Found a gate to the Vaults.
 17905 | D:14     | Found a runed translucent door.
 17912 | D:14     | Found the +10 tower shield of Ignorance {rN+ Int-4}
 17931 | D:14     | Found a runed translucent door.
 17937 | D:14     | Reached skill level 19 in Earth Magic
 18072 | D:15     | Upgraded the game from 0.30-a0-1050-g2766ea1e55 to
                  | 0.30-a0-1059-g7dea3e163d
 18095 | D:15     | Found a staircase to the Depths.
 18179 | D:15     | Noticed Kirke
 18315 | D:15     | Killed Kirke
 18333 | D:15     | Learned a level 5 spell: Lee's Rapid Deconstruction
 18338 | D:15     | Identified Roxanne's Writings on Permutations
 18338 | D:15     | Noticed Roxanne
 18347 | D:15     | Killed Roxanne
 18353 | D:15     | Found an ornate altar of the Wu Jian Council.
 18448 | Vaults:1 | Entered Level 1 of the Vaults
 18472 | Vaults:1 | Reached skill level 26 in Spellcasting
 18593 | Vaults:1 | Found a crumbling gateway.
 18624 | Desolati | Entered the Desolation of Salt
 18659 | Desolati | Reached skill level 20 in Earth Magic
 18663 | Desolati | Identified the amulet of Ilukur {Faith rC+ Str-5 Dex+3
                  | Stlth+}
 18694 | Desolati | Reached XP level 23. HP: 178/180 MP: 48/54
 18764 | Desolati | Identified the ring "Veor" {Str+5 Int+6}
 18832 | Desolati | Identified the +3 spear "Cicwen" {venom, rN+ SInv}
 18832 | Desolati | Identified the +7 flail of the Big Fish {heavy, Drain MP+9
                  | Str+3}
 18868 | Desolati | Identified the staff of cold "Zutor" {Drain rC+ rN++ rCorr
                  | Int+3}
 18912 | Desolati | Identified the ring "Ocsajue" {rF+ Str+5 Slay+3}
 18924 | Desolati | Found the +0 pair of fencer's gloves {Riposte Dex+3}
 18987 | Desolati | Identified the ring "Xigawog" {rElec rF+ rC+}
 18988 | Desolati | Identified the +0 pair of gloves "Jyfredesch" {rF- rN+
                  | Will++ Dex-5}
 19158 | Vaults:1 | Reached skill level 21 in Earth Magic
 19323 | Vaults:1 | Reached skill level 27 in Spellcasting
 19556 | Vaults:2 | Reached skill level 22 in Earth Magic
 19837 | Vaults:2 | Reached XP level 24. HP: 192/192 MP: 27/55
 19855 | Vaults:2 | Reached skill level 23 in Earth Magic
 20109 | Vaults:3 | Reached skill level 24 in Earth Magic
 20170 | Vaults:3 | Found a staircase to the Crypt.
 20174 | Crypt:1  | Entered Level 1 of the Crypt
 20441 | Vaults:4 | Found a transporter.
 20480 | Vaults:4 | Found a transporter.
 20507 | Vaults:4 | Found a transporter.
 20507 | Vaults:4 | Found a transporter.
 20508 | Vaults:4 | Found a transporter.
 20516 | Vaults:4 | Reached skill level 25 in Earth Magic
 20536 | Vaults:4 | Identified the +0 hat "Hero's Friend" {rElec rC+ Dex+4}
 20565 | Vaults:4 | Identified the +1 leather armour of the Amoeba {rCorr
                  | Int+3}
 20584 | Vaults:4 | Identified the +0 ring mail of Card Tricks {Regen+}
 20820 | Vaults:4 | Reached XP level 25. HP: 199/199 MP: 51/55
 20837 | Vaults:4 | Reached skill level 26 in Earth Magic
 21065 | Vaults:5 | Entered Level 5 of the Vaults
 21074 | Vaults:5 | Reached skill level 12 in Fighting
 21082 | Vaults:5 | Reached skill level 13 in Fighting
 21104 | Vaults:5 | Reached skill level 14 in Fighting
 21132 | Vaults:5 | Identified the ring of Komid {rC+ rCorr}
 21137 | Vaults:5 | HP: 18/211 [titan simulacrum (23)]
 21154 | Vaults:5 | Noticed a dread lich
 21158 | Vaults:5 | Killed a dread lich
 21163 | Vaults:5 | Noticed Mara
 21168 | Vaults:5 | Killed Mara
 21169 | Vaults:5 | Reached skill level 15 in Fighting
 21222 | Vaults:5 | Identified a scroll of acquirement
 21225 | Vaults:5 | Acquired 1226 gold pieces
 21235 | Vaults:5 | Identified the amulet of the Dancing Gods {rN+ Regen+ Str+4
                  | Stlth-}
 21261 | Vaults:5 | Got Sif Muna's Commentary on Called Thunder
 21262 | Vaults:5 | Noticed a golden dragon
 21262 | Vaults:5 | Noticed a golden dragon
 21265 | Vaults:5 | Killed a golden dragon
 21265 | Vaults:5 | Killed a golden dragon
 21271 | Vaults:5 | Reached skill level 16 in Fighting
 21271 | Vaults:5 | Reached XP level 26. HP: 181/224 MP: 42/55
 21367 | Vaults:5 | Got a silver rune of Zot
 21379 | Vaults:5 | Identified the ring "Jutzo" {rF+ rC+}
 21411 | Vaults:5 | Learned a level 8 spell: Lehudib's Crystal Spear
 21441 | Vaults:5 | Reached skill level 2 in Conjurations
 21450 | Vaults:5 | Reached skill level 3 in Conjurations
 21452 | Vaults:5 | Reached skill level 4 in Conjurations
 21463 | Vaults:5 | Identified the amulet "Jegrow" {Acrobat Will++ Regen+
                  | Stlth+}
 21469 | Vaults:5 | Acquired Xinipu's Papyrus of Breccia
 21487 | Vaults:5 | Reached skill level 5 in Conjurations
 21497 | Vaults:5 | Learned a level 9 spell: Shatter
 21579 | Vaults:5 | Identified the +1 pair of gloves of Mysticism {Harm Will+
                  | Str+3}
 21617 | Vaults:5 | Identified the +9 long sword of Wecen {protect, Int+3
                  | Stlth+}
 21725 | Vaults:5 | Learned a level 8 spell: Ignition
 21791 | Vaults:5 | Got Sif Muna's Octavo of Ensorcelling
 21795 | Vaults:5 | Got Sif Muna's Atlas of Sickening Impulse
 21808 | Vaults:5 | Identified the staff of air "Utwiatud" {rElec rPois rF+
                  | Will+}
 21819 | Vaults:5 | Identified the staff of earth "Ukeraexa" {Drain rElec rC++
                  | SInv}
 21875 | Vaults:3 | Reached skill level 11 in Armour
 21922 | Vaults:3 | Reached skill level 12 in Armour
 21925 | Vaults:3 | Reached skill level 27 in Earth Magic
 21957 | Vaults:3 | Reached skill level 13 in Armour
 22308 | Snake:1  | Entered Level 1 of the Snake Pit
 22308 | Snake:1  | Noticed Azrael
 22311 | Snake:1  | Killed Azrael
 22312 | Snake:1  | Reached skill level 14 in Armour
 22358 | Snake:4  | Entered Level 4 of the Snake Pit
 22367 | Snake:4  | Reached skill level 15 in Armour
 22377 | Snake:4  | Found Ucwuluru's Antique Weapon Shoppe.
 22379 | Snake:4  | Found Uziufiqi's Antique Weapon Emporium.
 22381 | Snake:4  | Found Daet's Antique Weapon Shoppe.
 22394 | Snake:4  | Reached skill level 16 in Armour
 22402 | Snake:3  | Found an ornate altar of the Wu Jian Council.
 22404 | Snake:3  | Reached XP level 27. HP: 234/234 MP: 48/55
 22409 | Snake:3  | Reached skill level 17 in Armour
 22434 | Snake:4  | Reached skill level 18 in Armour
 22441 | Snake:4  | Reached skill level 4 in Fire Magic
 22443 | Snake:4  | Reached skill level 5 in Fire Magic
 22449 | Snake:4  | Reached skill level 6 in Fire Magic
 22473 | Snake:4  | Got a serpentine rune of Zot
 22526 | Snake:4  | Reached skill level 7 in Fire Magic
 22653 | Snake:3  | Found Zysusahi's Weapon Shop.
 22697 | Snake:3  | Reached skill level 8 in Fire Magic
 22956 | Snake:2  | Reached skill level 9 in Fire Magic
 22973 | Snake:2  | Reached skill level 10 in Fire Magic
 23036 | Snake:2  | Reached skill level 11 in Fire Magic
 23313 | Snake:1  | Found a bloodstained altar of Trog.
 23348 | Snake:1  | Found a transporter.
 23350 | Snake:1  | Reached skill level 12 in Fire Magic
 23364 | Snake:1  | Identified the ring "Latiak" {rElec rPois rC+ rN+ Int-3}
 23369 | Snake:1  | Found a radiant altar of Vehumet.
 23432 | Snake:1  | Found the +6 arbalest "Damnation" {damnation}
 23440 | Snake:1  | Found a transporter.
 23631 | Shoals:1 | Bought 6 silver javelins for 864 gold pieces
 23714 | Slime:1  | Entered Level 1 of the Pits of Slime
 23722 | Slime:2  | Reached skill level 1 in Throwing
 23723 | Slime:2  | Reached skill level 2 in Throwing
 23726 | Slime:2  | Reached skill level 3 in Throwing
 23727 | Slime:2  | Reached skill level 4 in Throwing
 23743 | Slime:1  | Reached skill level 5 in Throwing
 23767 | Slime:2  | Reached skill level 6 in Throwing
 23786 | Slime:1  | Reached skill level 7 in Throwing
 23800 | Slime:3  | Reached skill level 8 in Throwing
 23817 | Slime:4  | Reached skill level 9 in Throwing
 23853 | Slime:5  | Entered Level 5 of the Pits of Slime
 23869 | Slime:5  | Reached skill level 10 in Throwing
 23874 | Slime:5  | Noticed the Royal Jelly
 23888 | Slime:5  | Killed the Royal Jelly
 23889 | Slime:5  | Reached skill level 11 in Throwing
 23938 | Slime:3  | Reached skill level 12 in Throwing
 23975 | Slime:5  | Reached skill level 13 in Throwing
 23981 | Slime:5  | Gained mutation: You occasionally lose the ability to read
                  | scrolls when taking damage. [a shining eye]
 24023 | Slime:5  | Got the Folio of the Entourage
 24049 | Slime:5  | Got a slimy rune of Zot
 24373 | D:15     | Lost mutation: You are occasionally teleported next to
                  | monsters. [potion of mutation]
 24373 | D:15     | Lost mutation: You occasionally lose the ability to read
                  | scrolls when taking damage. [potion of mutation]
 24373 | D:15     | Lost mutation: You have sharp toenails. [potion of
                  | mutation]
 24373 | D:15     | Gained mutation: Your body sometimes deteriorates upon
                  | taking damage. [potion of mutation]
 24373 | D:15     | Gained mutation: You are agile. (Dex +4, Str/Int -1)
                  | [potion of mutation]
 24375 | Depths:1 | Entered Level 1 of the Depths
 24393 | Depths:1 | Noticed Sojobo
 24395 | Depths:1 | Reached skill level 13 in Fire Magic
 24395 | Depths:1 | Killed Sojobo
 24396 | Depths:1 | Reached skill level 2 in Shields
 24397 | Depths:1 | Noticed Saint Roka
 24402 | Depths:1 | Reached skill level 3 in Shields
 24402 | Depths:1 | Killed Saint Roka
 24412 | Depths:1 | Reached skill level 4 in Shields
 24424 | Depths:1 | Reached skill level 5 in Shields
 24427 | Depths:1 | Reached skill level 14 in Fire Magic
 24459 | Depths:1 | You fall into a shaft and drop 1 floor!
 24459 | Depths:2 | Found a gateway to Hell.
 24461 | Depths:2 | Reached skill level 6 in Shields
 24471 | Hell     | Entered the Vestibule of Hell
 24471 | Hell     | Noticed Geryon
 24473 | Hell     | Reached skill level 7 in Shields
 24475 | Hell     | Killed Geryon
 24479 | Hell     | Reached skill level 15 in Fire Magic
 24479 | Hell     | Noticed Murray
 24480 | Hell     | Reached skill level 8 in Shields
 24480 | Hell     | Killed Murray
 24489 | Hell     | Reached skill level 9 in Shields
 24502 | Depths:2 | Found a stormy altar of Qazlal.
 24525 | Depths:2 | Reached skill level 16 in Fire Magic
 24530 | Depths:2 | Reached skill level 10 in Shields
 24530 | Depths:2 | Noticed a caustic shrike
 24535 | Depths:2 | Killed a caustic shrike
 24542 | Depths:2 | Reached skill level 11 in Shields
 24605 | Depths:2 | Reached skill level 17 in Fire Magic
 24797 | Depths:1 | Identified the +4 shortbow "Iheank" {drain, rElec rN++
                  | Str-5}
 24853 | Depths:2 | Found a one-way gate leading to the halls of Pandemonium.
 24867 | Depths:2 | Found Exoes's Weapon Boutique.
 24869 | Depths:2 | Found a one-way gateway to a ziggurat.
 24880 | Depths:2 | Identified the ring of Fehuach {rF- rN+ Str+9 Int+3 Dex-3}
 24977 | Depths:3 | Reached skill level 12 in Shields
 25187 | Depths:4 | Entered Level 4 of the Depths
 25237 | Depths:4 | Reached skill level 13 in Shields
 25279 | Depths:4 | Reached skill level 1 in Necromancy
 25308 | Depths:4 | Reached skill level 18 in Fire Magic
 25380 | Depths:3 | Found an iron altar of Okawaru.
 25459 | Depths:3 | Found Ukico's Jewellery Emporium.
 25514 | Depths:4 | Reached skill level 6 in Translocations
 25519 | Depths:4 | Reached skill level 2 in Necromancy
 25548 | Depths:4 | Reached skill level 7 in Translocations
 25608 | Depths:4 | Learned a level 6 spell: Plasma Beam
 25617 | Depths:4 | Found a gate to the Realm of Zot.
 25621 | Zot:1    | Entered Level 1 of the Realm of Zot
 25641 | Zot:1    | Identified the +1 short sword of Division {flame, rF+ rCorr
                  | Str-4}
 25674 | Zot:1    | Reached skill level 3 in Necromancy
 25680 | Zot:1    | Reached skill level 6 in Conjurations
 25684 | Zot:1    | Noticed a curse toe
 25694 | Zot:1    | Reached skill level 8 in Translocations
 25706 | Zot:1    | Reached skill level 17 in Fighting
 25707 | Zot:1    | Reached skill level 4 in Necromancy
 25707 | Zot:1    | Killed a curse toe
 25764 | Zot:1    | Reached skill level 9 in Translocations
 25781 | Zot:1    | Reached skill level 5 in Necromancy
 25815 | Zot:1    | Reached skill level 10 in Translocations
 25937 | Zot:1    | Reached skill level 7 in Conjurations
 26011 | Zot:2    | Acquired 798 gold pieces
 26070 | Zot:1    | Reached skill level 6 in Necromancy
 26092 | Zot:2    | Reached skill level 11 in Translocations
 26150 | Zot:3    | Noticed a curse toe
 26210 | Zot:3    | Killed a curse toe
 26244 | Zot:3    | Noticed a curse toe
 26250 | Zot:3    | Killed a curse toe
 26278 | Zot:3    | Reached skill level 12 in Translocations
 26298 | Zot:3    | Reached skill level 14 in Shields
 26316 | Zot:4    | Reached skill level 8 in Conjurations
 26321 | Zot:5    | Entered Level 5 of the Realm of Zot
 26542 | Zot:4    | Reached skill level 9 in Conjurations
 26603 | Zot:5    | Noticed a dread lich
 26607 | Zot:5    | Killed a dread lich
 26616 | Zot:5    | Reached skill level 10 in Conjurations
 26630 | Zot:5    | Noticed an orb of fire
 26634 | Zot:5    | Killed an orb of fire
 26635 | Zot:5    | Reached skill level 19 in Armour
 26647 | Zot:5    | Noticed a Killer Klown
 26649 | Zot:5    | Killed a Killer Klown
 26649 | Zot:5    | Noticed an orb of fire
 26655 | Zot:5    | Killed an orb of fire
 26667 | Zot:5    | Noticed an ancient lich
 26668 | Zot:5    | Noticed an ancient lich
 26668 | Zot:5    | Killed an ancient lich
 26669 | Zot:5    | Killed an ancient lich
 26670 | Zot:5    | Reached skill level 18 in Fighting
 26670 | Zot:5    | Reached skill level 11 in Conjurations
 26690 | Zot:5    | Noticed a Killer Klown
 26692 | Zot:5    | Noticed a Killer Klown
 26693 | Zot:5    | Killed a Killer Klown
 26693 | Zot:5    | Killed a Killer Klown
 26694 | Zot:5    | Reached skill level 15 in Shields
 26723 | Zot:5    | Noticed a Killer Klown
 26731 | Zot:5    | Noticed a dread lich
 26731 | Zot:5    | Noticed a Killer Klown
 26731 | Zot:5    | Noticed an orb of fire
 26731 | Zot:5    | Noticed an orb of fire
 26731 | Zot:5    | Noticed an orb of fire
 26731 | Zot:5    | Noticed a Killer Klown
 26731 | Zot:5    | Noticed an orb of fire
 26735 | Zot:5    | Killed an orb of fire
 26735 | Zot:5    | Killed an orb of fire
 26735 | Zot:5    | Killed an orb of fire
 26735 | Zot:5    | Killed an orb of fire
 26736 | Zot:5    | Reached skill level 12 in Conjurations
 26736 | Zot:5    | Killed a Killer Klown
 26736 | Zot:5    | Killed a Killer Klown
 26738 | Zot:5    | Killed a dread lich
 26750 | Zot:5    | Reached skill level 13 in Conjurations
 26883 | Zot:5    | Killed a Killer Klown
 27285 | Zig:1    | Entered Level 1 of a ziggurat
 27285 | Zig:1    | Noticed Lited the pandemonium lord
 27288 | Zig:1    | Killed Lited the pandemonium lord
 27289 | Zig:1    | Reached skill level 19 in Fire Magic
 27299 | Zig:2    | Entered Level 2 of a ziggurat
 27304 | Zig:2    | Reached skill level 16 in Shields
 27314 | Zig:3    | Entered Level 3 of a ziggurat
 27315 | Zig:3    | Noticed a curse toe
 27321 | Zig:3    | Killed a curse toe
 27322 | Zig:3    | Reached skill level 20 in Armour
 27333 | Zig:4    | Entered Level 4 of a ziggurat
 27357 | Zig:5    | Entered Level 5 of a ziggurat
 27363 | Zig:5    | Reached skill level 15 in Dodging
 27373 | Zig:6    | Entered Level 6 of a ziggurat
 27410 | Zig:6    | Learned a level 6 spell: Statue Form
 27411 | Zig:7    | Entered Level 7 of a ziggurat
 27432 | Zig:7    | Identified the +0 chain mail "Ecoicoc" {Fly rPois rC+
                  | Str-5}
 27435 | Zig:7    | Acquired a book of Geomancy
 27438 | Zig:8    | Entered Level 8 of a ziggurat
 27454 | Zig:8    | Identified the ring of Deucidae {+Blink Will+ Str+2}
 27458 | Zig:8    | Identified the +6 double sword of Pysel {spect, rPois
                  | Dex+3}
 27459 | Zig:8    | Got the Octavo of the Numb Nimbus
 27461 | Zig:9    | Entered Level 9 of a ziggurat
 27470 | Zig:9    | Reached skill level 19 in Fighting
 27474 | Zig:9    | Identified the +2 mace of Valour {speed, Stlth+}
 27484 | Zig:9    | Reached skill level 9 in Necromancy
 27486 | Zig:10   | Entered Level 10 of a ziggurat
 27500 | Zig:10   | Identified the +1 ring mail of the Ward {rCorr}
 27501 | Zig:10   | Identified the staff of death "Goang" {Drain rN+ Int+4}
 27505 | Zig:10   | Got the Folio of Freezing Phantasms
 27506 | Zig:10   | Reached skill level 10 in Necromancy
 27512 | Zig:11   | Entered Level 11 of a ziggurat
 27524 | Zig:11   | Noticed an ancient lich
 27526 | Zig:11   | Reached skill level 6 in Transmutations
 27526 | Zig:11   | Killed an ancient lich
 27527 | Zig:11   | Reached skill level 8 in Transmutations
 27529 | Zig:11   | Identified the amulet "Osatud" {Faith rElec rN+}
 27543 | Zig:12   | Entered Level 12 of a ziggurat
 27555 | Zig:12   | Found the +6 Majin-Bo {spellvamp, MP+6 Int+6}
 27557 | Zig:12   | Reached skill level 10 in Transmutations
 27583 | Zig:12   | Got the Anthology of Nightshade
 27593 | Zig:12   | Learned a level 8 spell: Borgnjor's Revivification
 27594 | Zig:13   | Entered Level 13 of a ziggurat
 27606 | Zig:13   | Noticed a dread lich
 27606 | Zig:13   | Found the +7 lajatang of Order {silver, rMut}
 27608 | Zig:13   | Reached skill level 11 in Necromancy
 27608 | Zig:13   | Killed a dread lich
 27609 | Zig:13   | Reached skill level 12 in Necromancy
 27615 | Zig:13   | Reached skill level 13 in Necromancy
 27618 | Zig:13   | Identified the ring "Riuxu" {rElec rF- AC+4 Slay+2}
 27621 | Zig:14   | Entered Level 14 of a ziggurat
 27636 | Zig:14   | Found the +10 Black Knight's barding {ponderous, rPois rN+}
 27638 | Zig:14   | Reached skill level 14 in Necromancy
 27649 | Zig:14   | Identified the +6 rapier "Ycsoar" {heavy, rPois rN+ SInv}
 27673 | Zig:14   | Learned a level 9 spell: Polar Vortex
 27674 | Zig:15   | Entered Level 15 of a ziggurat
 27692 | Zig:15   | Found the ring of Shadows {Umbra +Inv Stlth+}
 27692 | Zig:15   | Paralysed by accursed screaming for 2 turns
 27694 | Zig:15   | Reached skill level 5 in Ice Magic
 27695 | Zig:15   | Reached skill level 6 in Ice Magic
 27703 | Zig:15   | Identified the staff of air "Veotwaggol" {Fragile rElec
                  | rF++ Dex+3}
 27706 | Zig:15   | Got Atyir's Discourse on the Grave
 27717 | Zig:15   | Learned a level 8 spell: Necromutation
 27722 | Zig:16   | Entered Level 16 of a ziggurat
 27729 | Zig:16   | Noticed an ancient lich
 27731 | Zig:16   | Found the +16 obsidian axe {drain, demonic, Mesm Drain Fly
                  | SInv}
 27731 | Zig:16   | Found the +11 plutonium sword {Contam Stlth-}
 27731 | Zig:16   | Noticed a dread lich
 27731 | Zig:16   | Noticed an ancient lich
 27733 | Zig:16   | Reached skill level 8 in Ice Magic
 27733 | Zig:16   | Killed a dread lich
 27733 | Zig:16   | Killed an ancient lich
 27733 | Zig:16   | Killed an ancient lich
 27734 | Zig:16   | Reached skill level 10 in Ice Magic
 27739 | Zig:16   | Identified the +0 plate armour "Alinu" {rPois Str+3}
 27743 | Zig:16   | Identified the amulet "Gucocran" {Spirit *Corrode +Blink
                  | rN+++ Int-5}
 27747 | Zig:16   | Identified the ring "Wyruico" {+Blink rN+++ rCorr MP-9
                  | Int+6}
 27748 | Zig:16   | Identified the +0 scale mail of Wasted Space {rElec rC+}
 27754 | Zig:17   | Entered Level 17 of a ziggurat
 27763 | Zig:17   | Noticed a caustic shrike
 27763 | Zig:17   | Noticed a caustic shrike
 27764 | Zig:17   | Found the +7 great mace "Firestarter" {flame, immolate,
                  | rFlCloud rF++}
 27765 | Zig:17   | Killed a caustic shrike
 27765 | Zig:17   | Killed a caustic shrike
 27766 | Zig:17   | Reached skill level 12 in Ice Magic
 27779 | Zig:17   | Identified the staff of earth "Waj Zaiq" {rCorr Stlth+}
 27781 | Zig:17   | Identified the staff of death "Qotsut" {rN+ Dex+3}
 27787 | Zig:17   | Identified the staff of cold "Veigosk" {rC+ MP+9}
 27789 | Zig:17   | Identified the +6 leather armour of Privacy {rPois MP+9
                  | SInv}
 27790 | Zig:17   | Got the Encyclopedia of the Nimbus
 27791 | Zig:17   | Reached skill level 13 in Ice Magic
 27802 | Zig:17   | Learned a level 7 spell: Ozocubu's Refrigeration
 27803 | Zig:18   | Entered Level 18 of a ziggurat
 27814 | Zig:18   | Reached skill level 14 in Ice Magic
 27818 | Zig:18   | Reached skill level 15 in Ice Magic
 27833 | Zig:18   | Identified the staff of conjuration "Nainn" {Int+3}
 27834 | Zig:18   | Identified the +7 plate armour of Xoxtydos {Drain rF++
                  | rCorr}
 27835 | Zig:18   | Identified the +2 pair of gloves of Okawaru's Pride {rCorr}
 27839 | Zig:18   | Reached skill level 16 in Ice Magic
 27872 | Zig:19   | Entered Level 19 of a ziggurat
 27893 | Zig:19   | Reached skill level 17 in Ice Magic
 27919 | Zig:19   | Identified the ring "Nouteg" {Fly rC+ SInv}
 27923 | Zig:20   | Entered Level 20 of a ziggurat
 27929 | Zig:20   | Noticed a juggernaut
 27932 | Zig:20   | Noticed a juggernaut
 27934 | Zig:20   | Reached skill level 18 in Ice Magic
 27935 | Zig:20   | Reached skill level 19 in Ice Magic
 27935 | Zig:20   | Killed a juggernaut
 27936 | Zig:20   | Killed a juggernaut
 27940 | Zig:20   | Identified the amulet of Atheism {Reflect rF+ Int+3 SH+5}
 27945 | Zig:20   | Reached skill level 11 in Transmutations
 27954 | Zig:21   | Entered Level 21 of a ziggurat
 27963 | Zig:21   | Noticed a dread lich
 27966 | Zig:21   | Noticed an ancient lich
 27966 | Zig:21   | Noticed a dread lich
 27970 | Zig:21   | Reached skill level 20 in Ice Magic
 27971 | Zig:21   | Killed a dread lich
 27971 | Zig:21   | Killed an ancient lich
 27972 | Zig:21   | Reached skill level 21 in Ice Magic
 27972 | Zig:21   | Killed a dread lich
 27981 | Zig:21   | Identified the +1 leather armour of the Rambutan {Regen+
                  | SInv}
 27987 | Zig:21   | Identified the staff of earth "Woofalupn" {MP+9 Dex+2}
 27993 | Zig:21   | Identified the +1 quick blade of Iveduel {elec, Fly rF+
                  | Dex-5}
 27994 | Zig:21   | Identified the +4 scale mail "Pymmiasch" {Rampage rCorr}
 28007 | Zig:21   | Learned a level 8 spell: Disjunction
 28008 | Zig:22   | Entered Level 22 of a ziggurat
 28022 | Zig:22   | Found the macabre finger necklace {Finger+ rN+}
 28024 | Zig:22   | Reached skill level 13 in Translocations
 28024 | Zig:22   | Reached skill level 22 in Ice Magic
 28026 | Zig:22   | Reached skill level 14 in Translocations
 28026 | Zig:22   | Found the +6 lightning scales {swift, rElec}
 28036 | Zig:22   | Identified the amulet "Zext" {Acrobat Str+4}
 28039 | Zig:22   | Identified the +4 arbalest of the Sky {flame, Dex+2}
 28040 | Zig:22   | Identified the +2 robe of Experimentation {Drain rN+ Will+}
 28045 | Zig:22   | Reached skill level 15 in Necromancy
 28050 | Zig:23   | Entered Level 23 of a ziggurat
 28058 | Zig:23   | Paralysed by an air elemental for 1 turns
 28059 | Zig:23   | Found the necklace of Bloodlust {Fury *Rage Will++ Int-3
                  | Slay+6}
 28061 | Zig:23   | Reached skill level 16 in Translocations
 28061 | Zig:23   | Reached skill level 23 in Ice Magic
 28063 | Zig:23   | Identified the ring "Dehenao" {Contam rPois rN+ rCorr
                  | Str+6}
 28072 | Zig:23   | Identified the ring "Ceutzu Qack" {rF+ Will- Str+5 Int+9}
 28074 | Zig:23   | Identified the ring of Jiax {Fire rPois}
 28076 | Zig:23   | Identified the ring "Gysiecw" {rPois rC++ MP-9 Int+6}
 28079 | Zig:23   | Identified the ring of Faniv {Will+ MP+9}
 28083 | Zig:23   | Identified the staff of earth "Wietieddoe" {Fragile rF+++
                  | MP-9 Str+7}
 28093 | Zig:23   | Reached skill level 13 in Transmutations
 28095 | Zig:24   | Entered Level 24 of a ziggurat
 28105 | Zig:24   | Reached skill level 17 in Shields
 28105 | Zig:24   | Reached skill level 20 in Fire Magic
 28115 | Zig:24   | Reached skill level 18 in Shields
 28128 | Zig:24   | Found the +0 mask of the Dragon {Will+ Slay+3 SInv}
 28137 | Zig:24   | Identified the staff of earth "Lenethru" {Drain Fragile
                  | rPois Will+++}
 28143 | Zig:24   | Identified the +5 rapier of Akhonnog {venom, +Blink Int+2
                  | Stlth+}
 28148 | Zig:25   | Entered Level 25 of a ziggurat
 28155 | Zig:25   | Noticed a Killer Klown
 28155 | Zig:25   | Noticed a Killer Klown
 28159 | Zig:25   | Noticed Ireg the pandemonium lord
 28159 | Zig:25   | Noticed Duosamei the pandemonium lord
 28160 | Zig:25   | Noticed Tuir the pandemonium lord
 28160 | Zig:25   | Noticed Adasewi the pandemonium lord
 28160 | Zig:25   | Noticed Kiareg the pandemonium lord
 28160 | Zig:25   | Noticed Fuacur the pandemonium lord
 28160 | Zig:25   | Noticed a Killer Klown
 28160 | Zig:25   | Noticed Biganint the pandemonium lord
 28160 | Zig:25   | Noticed a Killer Klown
 28160 | Zig:25   | Noticed a Killer Klown
 28160 | Zig:25   | Noticed Kabby Usso the pandemonium lord
 28161 | Zig:25   | Noticed Syxzogge the pandemonium lord
 28162 | Zig:25   | Killed a Killer Klown
 28162 | Zig:25   | Noticed Qoar Zae the pandemonium lord
 28162 | Zig:25   | Noticed Vany the pandemonium lord
 28162 | Zig:25   | Noticed Xozit the pandemonium lord
 28162 | Zig:25   | Noticed Picliumne the pandemonium lord
 28163 | Zig:25   | Killed a Killer Klown
 28163 | Zig:25   | Killed a Killer Klown
 28163 | Zig:25   | Killed a Killer Klown
 28163 | Zig:25   | Killed Fuacur the pandemonium lord
 28163 | Zig:25   | Noticed Siozouw the pandemonium lord
 28164 | Zig:25   | Reached skill level 19 in Shields
 28164 | Zig:25   | Reached skill level 14 in Transmutations
 28164 | Zig:25   | Reached skill level 21 in Fire Magic
 28164 | Zig:25   | Noticed Ocoaloir the pandemonium lord
 28164 | Zig:25   | Killed Kiareg the pandemonium lord
 28164 | Zig:25   | Killed Qoar Zae the pandemonium lord
 28164 | Zig:25   | Killed Picliumne the pandemonium lord
 28164 | Zig:25   | Killed Duosamei the pandemonium lord
 28165 | Zig:25   | Reached skill level 20 in Shields
 28165 | Zig:25   | Killed a Killer Klown
 28165 | Zig:25   | Killed Ireg the pandemonium lord
 28166 | Zig:25   | Reached skill level 16 in Necromancy
 28166 | Zig:25   | Killed Biganint the pandemonium lord
 28167 | Zig:25   | Noticed Coup the pandemonium lord
 28168 | Zig:25   | Killed Adasewi the pandemonium lord
 28169 | Zig:25   | Reached skill level 14 in Throwing
 28169 | Zig:25   | Killed Kabby Usso the pandemonium lord
 28169 | Zig:25   | Killed Siozouw the pandemonium lord
 28169 | Zig:25   | Killed Tuir the pandemonium lord
 28169 | Zig:25   | Killed Xozit the pandemonium lord
 28169 | Zig:25   | Noticed Nejeil the pandemonium lord
 28170 | Zig:25   | Killed Syxzogge the pandemonium lord
 28170 | Zig:25   | Killed Coup the pandemonium lord
 28170 | Zig:25   | Killed Vany the pandemonium lord
 28171 | Zig:25   | Reached skill level 15 in Throwing
 28171 | Zig:25   | Noticed a Killer Klown
 28172 | Zig:25   | Noticed a Killer Klown
 28172 | Zig:25   | Killed Ocoaloir the pandemonium lord
 28173 | Zig:25   | Killed a Killer Klown
 28174 | Zig:25   | Reached skill level 16 in Throwing
 28174 | Zig:25   | Killed a Killer Klown
 28174 | Zig:25   | Killed Nejeil the pandemonium lord
 28180 | Zig:25   | Found the +11 Singing Sword {sonic wave}
 28182 | Zig:25   | Found the +5 scythe "Finisher" {speed, execute}
 28187 | Zig:25   | Identified the staff of air "Udaxoy" {Fly rElec rF- Str+5
                  | Stlth+}
 28191 | Zig:25   | Identified the amulet "Ogaliphab" {Faith *Corrode Int+4
                  | SInv}
 28192 | Zig:25   | Identified the ring "Irionori" {Fire Str+3 Slay+6 Stlth+}
 28194 | Zig:25   | Identified the ring of the Catfish {rN+ rCorr}
 28197 | Zig:25   | Identified the ring of the Crown {Fly MP+9 Str+2}
 28206 | Zig:25   | Got the Spellbook of the Mercurial Impact
 28208 | Zig:25   | Reached skill level 17 in Throwing
 28209 | Zig:25   | Reached skill level 18 in Throwing
 28211 | Zig:26   | Entered Level 26 of a ziggurat
 28225 | Zig:26   | Reached skill level 19 in Throwing
 28227 | Zig:26   | Reached skill level 20 in Throwing
 28231 | Zig:26   | Reached skill level 21 in Throwing
 28239 | Zig:26   | Identified the +2 arbalest of Narrow Guilt {penet, Str+2
                  | Int+3 Dex+2 Stlth+}
 28249 | Zig:26   | Identified the staff of earth "Zeal" {rElec}
 28251 | Zig:26   | Identified the staff of death "Dik Nuod" {rElec rN+ Str+2}
 28252 | Zig:26   | Identified the staff of conjuration "Bopsaxy" {Dex+6}
 28257 | Zig:27   | Entered Level 27 of a ziggurat
 28276 | Zig:27   | Noticed Lawooh the pandemonium lord
 28278 | Zig:27   | Reached skill level 22 in Throwing
 28292 | Zig:27   | Killed Lawooh the pandemonium lord
 28298 | Zig:27   | Reached skill level 23 in Throwing
 28305 | Zig:27   | Reached skill level 24 in Throwing
 28315 | Zig:27   | Found the +4 moon troll leather armour {Spirit, Regen++
                  | MP+5}
 28316 | Zig:27   | Found the ring of the Tortoise {AC+8}
 28324 | Zig:27   | Identified the staff of cold "Lexah" {rF++ rC+ Str+2 Int-2}
 28336 | Zig:27   | Identified the +6 dagger "Tynioha" {protect, *Corrode rN+++
                  | Dex-4 Stlth+}
 28339 | Zig:27   | Identified the staff of death "Kyla" {rC+ rN+ Dex+5}
 28345 | Zig:27   | Reached skill level 21 in Shields
 28345 | Zig:27   | Reached skill level 17 in Translocations
 28438 | Hell     | Found a gateway to the decaying netherworld of Tartarus.
 28443 | Tar:1    | Entered Level 1 of Tartarus
 28685 | Tar:4    | Reached skill level 25 in Throwing
 28773 | Tar:5    | Reached skill level 26 in Throwing
 28807 | Tar:7    | Entered Level 7 of Tartarus
 28809 | Tar:7    | Upgraded the game from 0.30-a0-1059-g7dea3e163d to
                  | 0.30-a0-1070-gd49b78fada
 28843 | Tar:7    | Reached skill level 27 in Throwing
 28843 | Tar:7    | Reached skill level 2 in Staves
 28846 | Tar:7    | Reached skill level 5 in Staves
 28846 | Tar:7    | Identified the ring "Neir" {+Blink Int+4 SInv}
 28870 | Tar:7    | Reached skill level 6 in Staves
 28871 | Tar:7    | Reached skill level 7 in Staves
 29013 | Tar:7    | Reached skill level 8 in Staves
 29034 | Tar:7    | Reached skill level 9 in Staves
 29036 | Tar:7    | Reached skill level 10 in Staves
 29054 | Tar:7    | Reached skill level 11 in Staves
 29088 | Tar:7    | Reached skill level 12 in Staves
 29088 | Tar:7    | Reached skill level 1 in Evocations
 29089 | Tar:7    | Reached skill level 2 in Evocations
 29092 | Tar:7    | Reached skill level 3 in Evocations
 29093 | Tar:7    | Reached skill level 4 in Evocations
 29117 | Tar:7    | Reached skill level 5 in Evocations
 29158 | Tar:7    | Reached skill level 6 in Evocations
 29173 | Tar:7    | Identified the +0 ring mail of Mubo {rElec Str+3}
 29174 | Tar:7    | Identified the ring "Vuomu" {rF+ MP+9 Str-3 SInv}
 29334 | Tar:7    | Noticed Ereshkigal
 29337 | Tar:7    | Killed Ereshkigal
 29338 | Tar:7    | Reached skill level 7 in Evocations
 29349 | Tar:7    | Found the +8 lance "Wyrmbane" {slay drac, rPois rF+ rC+
                  | AC+3}
 29352 | Tar:7    | Identified the amulet of Greed {Faith Dex+3}
 29355 | Tar:7    | Got a bone rune of Zot
 29495 | Hell     | Found a gateway to the Iron City of Dis.
 29500 | Dis:1    | Entered Level 1 of the Iron City of Dis
 29512 | Dis:1    | Reached skill level 20 in Fighting
 29523 | Dis:1    | Noticed a caustic shrike
 29523 | Dis:1    | Noticed a caustic shrike
 29523 | Dis:1    | Noticed a caustic shrike
 29528 | Dis:1    | Killed a caustic shrike
 29528 | Dis:1    | Killed a caustic shrike
 29528 | Dis:1    | Killed a caustic shrike
 29566 | Dis:2    | Noticed a caustic shrike
 29566 | Dis:2    | Noticed a caustic shrike
 29566 | Dis:2    | Noticed a caustic shrike
 29569 | Dis:2    | Killed a caustic shrike
 29569 | Dis:2    | Killed a caustic shrike
 29572 | Dis:2    | Killed a caustic shrike
 29625 | Dis:3    | You fall into a shaft and drop 3 floors!
 29638 | Dis:6    | Reached skill level 21 in Fighting
 29650 | Dis:7    | Entered Level 7 of the Iron City of Dis
 29658 | Dis:7    | Noticed a caustic shrike
 29661 | Dis:7    | Killed a caustic shrike
 29662 | Dis:7    | Noticed a caustic shrike
 29666 | Dis:7    | Killed a caustic shrike
 29676 | Dis:7    | Reached skill level 22 in Fighting
 29715 | Dis:7    | Reached skill level 1 in Polearms
 29722 | Dis:7    | Reached skill level 2 in Polearms
 29729 | Dis:7    | Reached skill level 3 in Polearms
 29738 | Dis:7    | Reached skill level 4 in Polearms
 29739 | Dis:7    | Noticed a caustic shrike
 29741 | Dis:7    | Noticed a caustic shrike
 29742 | Dis:7    | Killed a caustic shrike
 29744 | Dis:7    | Killed a caustic shrike
 29745 | Dis:7    | Reached skill level 5 in Polearms
 29745 | Dis:7    | Reached skill level 13 in Staves
 29745 | Dis:7    | Noticed a caustic shrike
 29748 | Dis:7    | Killed a caustic shrike
 29791 | Dis:7    | Reached skill level 6 in Polearms
 29801 | Dis:7    | Noticed a caustic shrike
 29804 | Dis:7    | Killed a caustic shrike
 29805 | Dis:7    | Noticed a caustic shrike
 29808 | Dis:7    | Killed a caustic shrike
 29810 | Dis:7    | Reached skill level 7 in Polearms
 29848 | Dis:7    | Reached skill level 14 in Staves
 29851 | Dis:7    | Noticed a caustic shrike
 29853 | Dis:7    | Killed a caustic shrike
 29866 | Dis:7    | Noticed a caustic shrike
 29870 | Dis:7    | Killed a caustic shrike
 29871 | Dis:7    | Reached skill level 8 in Polearms
 29899 | Dis:7    | Noticed an ancient lich
 29900 | Dis:7    | Killed an ancient lich
 29962 | Dis:7    | Found the +8 orange crystal plate armour {Archmagi, Int+3
                  | Clar}
 30159 | Dis:7    | Noticed Dispater
 30160 | Dis:7    | Reached skill level 23 in Fighting
 30168 | Dis:7    | Killed Dispater
 30195 | Dis:7    | Identified the +9 dire flail "Beast's Nightmare" {drain,
                  | Fragile rCorr Str+3}
 30199 | Dis:7    | Got an iron rune of Zot
 30296 | Hell     | Found a gateway to the freezing wastes of Cocytus.
 30304 | Coc:1    | Entered Level 1 of Cocytus
 30340 | Coc:2    | Noticed a shard shrike
 30340 | Coc:2    | Noticed a shard shrike
 30342 | Coc:2    | Killed a shard shrike
 30343 | Coc:2    | Killed a shard shrike
 30354 | Coc:3    | Reached skill level 24 in Fighting
 30385 | Coc:5    | Noticed a shard shrike
 30385 | Coc:5    | Noticed a shard shrike
 30387 | Coc:5    | Killed a shard shrike
 30387 | Coc:5    | Killed a shard shrike
 30396 | Coc:5    | Noticed a shard shrike
 30398 | Coc:5    | Reached skill level 25 in Fighting
 30399 | Coc:5    | Noticed a shard shrike
 30400 | Coc:5    | Noticed a shard shrike
 30401 | Coc:5    | Noticed a shard shrike
 30401 | Coc:5    | Killed a shard shrike
 30401 | Coc:5    | Killed a shard shrike
 30402 | Coc:5    | Killed a shard shrike
 30402 | Coc:5    | Killed a shard shrike
 30414 | Coc:6    | Noticed a shard shrike
 30414 | Coc:6    | Noticed a shard shrike
 30415 | Coc:6    | Killed a shard shrike
 30415 | Coc:6    | Killed a shard shrike
 30416 | Coc:6    | Killed a shard shrike
 30418 | Coc:6    | Noticed a shard shrike
 30420 | Coc:6    | Killed a shard shrike
 30425 | Coc:6    | Noticed a shard shrike
 30426 | Coc:6    | Noticed a shard shrike
 30426 | Coc:6    | Noticed a shard shrike
 30428 | Coc:6    | Killed a shard shrike
 30429 | Coc:6    | Killed a shard shrike
 30429 | Coc:6    | Killed a shard shrike
 30430 | Coc:6    | Reached skill level 26 in Fighting
 30431 | Coc:6    | Noticed a shard shrike
 30432 | Coc:6    | Noticed a shard shrike
 30434 | Coc:6    | Killed a shard shrike
 30435 | Coc:6    | Killed a shard shrike
 30445 | Coc:6    | Noticed a shard shrike
 30447 | Coc:6    | Killed a shard shrike
 30459 | Coc:7    | Entered Level 7 of Cocytus
 30467 | Coc:7    | Noticed a shard shrike
 30467 | Coc:7    | Noticed a shard shrike
 30467 | Coc:7    | Noticed a shard shrike
 30467 | Coc:7    | Noticed a shard shrike
 30469 | Coc:7    | Killed a shard shrike
 30470 | Coc:7    | Noticed the Serpent of Hell
 30470 | Coc:7    | Killed a shard shrike
 30470 | Coc:7    | Killed a shard shrike
 30471 | Coc:7    | Killed a shard shrike
 30474 | Coc:7    | Killed the Serpent of Hell
 30475 | Coc:7    | Reached skill level 27 in Fighting
 30493 | Coc:7    | Reached skill level 22 in Fire Magic
 30523 | Coc:7    | Reached skill level 8 in Evocations
 30524 | Coc:7    | Noticed Antaeus
 30532 | Coc:7    | Reached skill level 9 in Evocations
 30532 | Coc:7    | Killed Antaeus
 30533 | Coc:7    | Reached skill level 10 in Evocations
 30570 | Coc:7    | Got an icy rune of Zot
 30572 | Coc:7    | Noticed a shard shrike
 30578 | Coc:7    | Identified the ring "Gucar" {+Blink rF- Str-3 Int+6 SInv}
 30579 | Coc:7    | Identified the ring "Bicecrao" {Int+6 Dex+3}
 30650 | Hell     | Found a gateway to the ashen valley of Gehenna.
 30656 | Geh:1    | Entered Level 1 of Gehenna
 30660 | Geh:1    | Reached skill level 11 in Evocations
 30664 | Geh:1    | Reached skill level 12 in Evocations
 30687 | Geh:2    | Reached skill level 13 in Evocations
 30730 | Geh:3    | Noticed a dread lich
 30730 | Geh:3    | Killed a dread lich
 30731 | Geh:3    | Reached skill level 14 in Evocations
 30799 | Geh:4    | Reached skill level 15 in Evocations
 30896 | Geh:7    | Entered Level 7 of Gehenna
 30898 | Geh:7    | Upgraded the game from 0.30-a0-1070-gd49b78fada to
                  | 0.30-a0-1074-g5db6f66fbb
 30907 | Geh:7    | Reached skill level 16 in Dodging
 30964 | Geh:7    | Reached skill level 21 in Armour
 31009 | Geh:7    | Found the amulet of the Air {Inacc Air Fly rElec RMsl}
 31014 | Geh:7    | Found the +13 sceptre of Asmodeus
 31014 | Geh:7    | Noticed Asmodeus
 31018 | Geh:7    | Reached skill level 17 in Dodging
 31021 | Geh:7    | Killed Asmodeus
 31042 | Geh:7    | Identified the ring "Helycey" {rPois rF- rN+ Dex+3}
 31043 | Geh:7    | Got an obsidian rune of Zot
 31044 | Geh:7    | Identified the amulet of Dikuw {Faith rC+ rN+ MP+9}
 31057 | Geh:7    | Identified the +5 short sword "Dytuid" {freeze, rC+ Will++
                  | Str-5 Int-2}
 31557 | Crypt:1  | Reached skill level 22 in Armour
 31570 | Crypt:2  | Reached skill level 18 in Dodging
 31590 | Crypt:2  | Noticed Donald
 31591 | Crypt:2  | Killed Donald
 31608 | Crypt:3  | Entered Level 3 of the Crypt
 31682 | Crypt:3  | Acquired the Almanac of Roasted Firn
 31692 | Crypt:3  | Reached skill level 19 in Dodging
 31703 | Crypt:3  | Reached skill level 23 in Armour
 31790 | Crypt:3  | Learned a level 9 spell: Fire Storm
 31803 | Crypt:3  | Found a staircase to the Tomb.
 31880 | Crypt:3  | Noticed a curse toe
 31880 | Crypt:3  | Found an ancient bone altar of Kikubaaqudgha.
 31883 | Crypt:3  | Killed a curse toe
 31884 | Crypt:3  | Reached skill level 14 in Conjurations
 31889 | Crypt:3  | Found a basalt altar of Yredelemnul.
 31903 | Crypt:3  | Identified the ring of Devotion {rElec MP-9 EV+5 Int+2
                  | Dex+2}
 31934 | Crypt:3  | Got Kikubaaqudgha's Spellbook of Rot
 31973 | Tomb:1   | Entered Level 1 of the Tomb of the Ancients
 31984 | Tomb:1   | Noticed a royal mummy
 31986 | Tomb:1   | Noticed a royal mummy
 31987 | Tomb:1   | Killed a royal mummy
 31987 | Tomb:1   | Noticed a royal mummy
 31988 | Tomb:1   | Killed a royal mummy
 31988 | Tomb:1   | Killed a royal mummy
 31998 | Tomb:1   | Noticed a royal mummy
 32000 | Tomb:1   | Killed a royal mummy
 32001 | Tomb:1   | Reached skill level 15 in Conjurations
 32021 | Tomb:1   | Noticed a royal mummy
 32023 | Tomb:1   | Killed a royal mummy
 32061 | Tomb:1   | Noticed a royal mummy
 32061 | Tomb:1   | Noticed a royal mummy
 32063 | Tomb:1   | Killed a royal mummy
 32063 | Tomb:1   | Killed a royal mummy
 32064 | Tomb:1   | Noticed a royal mummy
 32067 | Tomb:1   | Killed a royal mummy
 32068 | Tomb:1   | Reached skill level 16 in Conjurations
 32085 | Tomb:1   | Noticed a royal mummy
 32088 | Tomb:1   | Noticed a royal mummy
 32089 | Tomb:1   | Killed a royal mummy
 32092 | Tomb:1   | Killed a royal mummy
 32124 | Tomb:1   | Upgraded the game from 0.30-a0-1074-g5db6f66fbb to
                  | 0.30-a0-1082-g70414cbcbb
 32146 | Tomb:2   | Reached skill level 17 in Conjurations
 32238 | Tomb:3   | Entered Level 3 of the Tomb of the Ancients
 32248 | Tomb:3   | Reached skill level 18 in Conjurations
 32253 | Tomb:3   | Found the +10 morningstar "Eos" {elec, Halo rElec}
 32253 | Tomb:3   | Found the +7 mace of Variability {chaos, chaos arc}
 32259 | Tomb:3   | Noticed a royal mummy
 32259 | Tomb:3   | Noticed a royal mummy
 32259 | Tomb:3   | Noticed a royal mummy
 32259 | Tomb:3   | Noticed a royal mummy
 32260 | Tomb:3   | Killed a royal mummy
 32260 | Tomb:3   | Killed a royal mummy
 32260 | Tomb:3   | Killed a royal mummy
 32260 | Tomb:3   | Noticed a royal mummy
 32260 | Tomb:3   | Noticed a royal mummy
 32261 | Tomb:3   | Reached skill level 19 in Conjurations
 32261 | Tomb:3   | Killed a royal mummy
 32261 | Tomb:3   | Killed a royal mummy
 32262 | Tomb:3   | Killed a royal mummy
 32262 | Tomb:3   | Killed a royal mummy
 32262 | Tomb:3   | Noticed a royal mummy
 32262 | Tomb:3   | Noticed a royal mummy
 32263 | Tomb:3   | Reached skill level 20 in Conjurations
 32264 | Tomb:3   | Killed a royal mummy
 32265 | Tomb:3   | Killed a royal mummy
 32281 | Tomb:3   | Got a golden rune of Zot
 32460 | Tomb:3   | Identified the staff of cold "Hovil" {rC+ Stlth+}
 32496 | Tomb:2   | Noticed a royal mummy
 32497 | Tomb:2   | Killed a royal mummy
 32503 | Tomb:2   | Noticed a royal mummy
 32504 | Tomb:2   | Killed a royal mummy
 32506 | Tomb:2   | Noticed a royal mummy
 32508 | Tomb:2   | Noticed a royal mummy
 32512 | Tomb:2   | Killed a royal mummy
 32512 | Tomb:2   | Killed a royal mummy
 32524 | Tomb:2   | Reached skill level 21 in Conjurations
 32536 | Tomb:2   | Reached skill level 23 in Fire Magic
 32658 | Tomb:1   | Noticed a royal mummy
 32660 | Tomb:1   | Noticed a royal mummy
 32661 | Tomb:1   | Killed a royal mummy
 32661 | Tomb:1   | Killed a royal mummy
 32661 | Tomb:1   | Noticed a royal mummy
 32662 | Tomb:1   | Killed a royal mummy
 32747 | Crypt:1  | Found a basalt altar of Yredelemnul.
 32953 | Pan      | Entered Pandemonium
 33020 | Pan      | Found a white marble altar of Elyvilon.
 33214 | Pan      | Identified the +0 tower shield of Vexation {rPois rF+}
 33245 | Pan      | Found a glowing silver altar of Zin.
 33249 | Pan      | Identified the +1 tower shield of Numunith {Harm rC+ Regen+
                  | Int-5}
 33306 | Pan      | Reached skill level 20 in Dodging
 33350 | Pan      | Reached skill level 24 in Armour
 33350 | Pan      | Noticed a seraph
 33355 | Pan      | Killed a seraph
 33451 | Pan      | Identified the +4 tower shield of Distant Worlds {rC+
                  | Will++ Str-5 Slay+2}
 33564 | Pan      | Reached skill level 21 in Dodging
 33594 | Pan      | Found a glowing golden altar of the Shining One.
 33599 | Pan      | Got a demonic rune of Zot
 33621 | Depths:2 | Escaped Pandemonium
 33624 | Pan      | Entered Pandemonium
 33624 | Pan      | Found an exit through the horrors of the Abyss.
 33664 | Pan      | Noticed Ciolufa the pandemonium lord
 33667 | Pan      | Killed Ciolufa the pandemonium lord
 33756 | Pan      | Entered the realm of Lom Lobon.
 33758 | Pan      | Reached skill level 25 in Armour
 33850 | Pan      | Noticed Lom Lobon
 33856 | Pan      | Killed Lom Lobon
 33857 | Pan      | Reached skill level 22 in Dodging
 33878 | Pan      | Got a magical rune of Zot
 33992 | Pan      | Noticed Orojaf the pandemonium lord
 33994 | Pan      | Killed Orojaf the pandemonium lord
 34015 | Pan      | Reached skill level 26 in Armour
 34092 | Pan      | Reached skill level 23 in Dodging
 34093 | Pan      | Noticed Woigg the pandemonium lord
 34096 | Pan      | Killed Woigg the pandemonium lord
 34102 | Depths:2 | Escaped Pandemonium
 34104 | Pan      | Entered Pandemonium
 34132 | Depths:2 | Escaped Pandemonium
 34135 | Pan      | Entered Pandemonium
 34185 | Pan      | Noticed Noestebi the pandemonium lord
 34187 | Pan      | Killed Noestebi the pandemonium lord
 34233 | Pan      | Found a transporter.
 34288 | Pan      | Found a transporter.
 34350 | Pan      | Identified the ring of Cidghud {rC+ Dex+3 Stlth+}
 34351 | Pan      | Identified the amulet "Ceuqi" {Reflect rN+ SH+5}
 34352 | Pan      | Identified the ring "Biparch" {Fire Will++ Str-3 Int+4}
 34436 | Pan      | Found an exit through the horrors of the Abyss.
 34452 | Pan      | Reached skill level 24 in Dodging
 34454 | Pan      | Reached skill level 27 in Armour
 34583 | Pan      | Noticed Eplyhaf the pandemonium lord
 34584 | Pan      | Killed Eplyhaf the pandemonium lord
 34609 | Pan      | Entered the realm of Cerebov.
 34636 | Pan      | Learned a level 9 spell: Death's Door
 35002 | Pan      | Found the +6 sword of Cerebov {flame}
 35002 | Pan      | Noticed Cerebov
 35005 | Pan      | Reached skill level 17 in Necromancy
 35011 | Pan      | Killed Cerebov
 35057 | Pan      | Got a fiery rune of Zot
 35096 | Pan      | Reached skill level 18 in Necromancy
 35233 | Pan      | Entered the realm of Mnoleg.
 35249 | Pan      | Reached skill level 19 in Necromancy
 35481 | Pan      | Reached skill level 20 in Necromancy
 35492 | Pan      | Noticed Mnoleg
 35496 | Pan      | Killed Mnoleg
 35509 | Pan      | Got a glowing rune of Zot
 35535 | Pan      | Gained mutation: You occasionally lose the ability to read
                  | scrolls when taking damage. [a neqoxec]
 35535 | Pan      | Gained mutation: Your magical capacity is low. (-10% MP) [a
                  | neqoxec]
 35537 | Pan      | Lost mutation: You are agile. (Dex +4, Str/Int -1) [potion
                  | of mutation]
 35537 | Pan      | Lost mutation: You occasionally lose the ability to read
                  | scrolls when taking damage. [potion of mutation]
 35537 | Pan      | Gained mutation: Your skin changes colour to match your
                  | surroundings (Stealth+). [potion of mutation]
 35538 | Pan      | Lost mutation: Your magical capacity is low. (-10% MP)
                  | [potion of mutation]
 35538 | Pan      | Lost mutation: Your skin changes colour to match your
                  | surroundings (Stealth+). [potion of mutation]
 35538 | Pan      | Gained mutation: You are vulnerable to cold. (rC-) [potion
                  | of mutation]
 35538 | Pan      | Gained mutation: You have very sharp teeth. [potion of
                  | mutation]
 35538 | Pan      | Gained mutation: You have a pair of small horns on your
                  | head. [potion of mutation]
 35539 | Pan      | Lost mutation: Your body sometimes deteriorates upon taking
                  | damage. [potion of mutation]
 35539 | Pan      | Lost mutation: You have very sharp teeth. [potion of
                  | mutation]
 35539 | Pan      | Lost mutation: You have a pair of small horns on your head.
                  | [potion of mutation]
 35539 | Pan      | Gained mutation: You have sharp fingernails. [potion of
                  | mutation]
 35539 | Pan      | Lost mutation: You have sharp fingernails. [potion of
                  | mutation]
 35539 | Pan      | Gained mutation: You have very sharp teeth. [potion of
                  | mutation]
 35540 | Pan      | Lost mutation: You have very sharp teeth. [potion of
                  | mutation]
 35540 | Pan      | Lost mutation: You are vulnerable to cold. (rC-) [potion of
                  | mutation]
 35540 | Pan      | Gained mutation: Your spells are a little harder to cast,
                  | but a little more powerful. [potion of mutation]
 35540 | Pan      | Gained mutation: You are weak. (Str -2) [potion of
                  | mutation]
 35540 | Pan      | Gained mutation: You are agile. (Dex +4, Str/Int -1)
                  | [potion of mutation]
 35552 | Pan      | Entered the realm of Gloorx Vloq.
 35573 | Pan      | Noticed Gloorx Vloq
 35581 | Pan      | Killed Gloorx Vloq
 35582 | Pan      | Reached skill level 21 in Necromancy
 35587 | Pan      | Got a dark rune of Zot
 35619 | Pan      | Found an exit through the horrors of the Abyss.
 35630 | Pan      | Took an exit into the Abyss.
 35630 | Abyss:4  | Escaped into the Abyss
 35634 | Abyss:4  | Found a corrupted altar of Lugonu.
 35702 | Abyss:4  | Noticed a dread lich
 35703 | Abyss:4  | Killed a dread lich
 35714 | Depths:2 | Escaped the Abyss
 36264 | Zot:4    | Reached skill level 22 in Necromancy
 36307 | Zot:5    | Got the Orb of Zot
 36751 | D:$      | Escaped with the Orb!

Illustrated notes

Levels and vault maps discovered:
D:1:      elethiomel_arrival_shortcut, layout_basic,
          ebering_ecumenical_altar_hall, serial_shops, shop
D:2:      layout_basic, minmay_3d_cube
D:3:      layout_loops_ring
D:4:      layout_cave_pods, mainiacjoe_overflow_six_doors_small,
          minmay_temple_entry_slanted, minmay_misc_feat_iff, chequers_garden,
          glass_columns_a, palyth_stone_intersect, serial_park_tiny_pond
D:5:      layout_rooms, gammafunk_ghost_mausoleum, serial_shops, shop_fountains,
          uniq_crazy_yiuf_cottage
D:6:      layout_layer_cave
D:7:      layout_basic, xom_confusion_cloud, st_stairs_5, uniq_maggie
D:8:      minmay_the_grid_plus_closed [minmay_the_grid_embedded,
          minmay_the_grid_rooms, minmay_the_grid_spin_star,
          minmay_the_grid_large_cup,
          minmay_the_grid_prize_four_corners_diamond_b], layout_basic,
          lair_entry_dummy
D:9:      layout_basic, david_orc_4, gammafunk_ghost_cemetery
D:10:     layout_loops_ring, zin_purify, minmay_statue_crystal_thing
D:11:     layout_basic
D:12:     layout_cave_pools, roderic_lattice_a, minmay_mirror_moons_of_madness
D:13:     layout_stronghold, amcnicky_mini_rare_corridor_liquid
D:14:     layout_gridville, erik_vaults_2, gammafunk_ghost_grave,
          nrook_mini_backslash, chequers_guarded_unrand_ignorance
D:15:     hangedman_depths_entry_civil_slaughter, layout_rooms,
          hangedman_decor_peaks_small, serial_rivers,
          chequers_serial_rivers_large_b, chequers_serial_rivers_large_a,
          chequers_serial_rivers_micro_b, chequers_serial_rivers_small_3,
          nzn_wu_jian_council_hall, uniq_roxanne, uniq_kirke
Temple:   hellmonk_temple_divided_pantheon
Lair:1:   layout_roguey, gauntlet_entry_generic, lemuel_fruit_fields
Lair:2:   nzn_winding_woodlands_cross [nzn_winding_woodlands_5x15_default,
          nzn_winding_woodlands_5x15_zeroes, nzn_winding_woodlands_5x15_eye,
          nzn_winding_woodlands_5x15_river_crossing,
          nzn_winding_woodlands_15x15_eel_pit], layout_regular_city,
          nicolae_lair_liquid_snakes
Lair:3:   layout_regular_city, minmay_shoals_entry_hut,
          minmay_snake_entry_six_corridors, basic_altar, minivault_24,
          chequers_serial_rivers_small_b
Lair:4:   layout_loops_ring, slime_entry_2, serial_bayou_lagoon_a,
          chequers_serial_rivers_micro_a
Lair:5:   guppyfry_lair_end_dragon, layout_regular_city,
          hangedman_lair_in_review, gammafunk_ghost_ooze
Shoals:1: layout_shoals, ebering_ghost_xom, nicolae_shop_firing_range
Shoals:2: layout_shoals, nicolae_shoals_abyss_on_the_beach
Shoals:3: layout_shoals
Shoals:4: shoals_end_hangedman, layout_shoals, nzn_prometheus_bound,
          uniq_louise, uniq_nikola
Snake:1:  gammafunk_sealed_library, layout_chambers, lemuel_oklob_altar,
          uniq_azrael
Snake:2:  layout_concentric_octagons, nrook_guardian_serpent_double
Snake:3:  layout_basic, basic_altar, serial_shops,
          nicolae_shop_bloodbath_and_beyond, nicolae_snake_gridmaze_entwining,
          nicolae_snake_the_dead_are_slithering
Snake:4:  johnstein_snake_rune_scales, layout_cave_town,
          beargit_elvish_explorers, minmay_shop_star
Slime:1:  layout_caves
Slime:2:  layout_caves
Slime:3:  layout_caves
Slime:4:  layout_caves, nicolae_slime_welcoming_committee
Slime:5
Orc:1:    layout_diamond_mine, basic_altar, uniq_nergalle, uniq_harold
Orc:2:    st_orc_congregation, layout_diamond_mine,
          portal_ice_cave_entry_pillars_2, uniq_maurice
Elf:1:    minmay_elf_arrival_circle, layout_loops_ring, serial_shops, shop,
          hangedman_elf_disciples, dk_noncrumbling_2, uniq_aizul
Elf:2:    nicolae_elf_blades_crystal_corner, layout_geoelf_octagon, uniq_jorgrun
Elf:3:    minmay_elf_hall_dome, layout_gridlike, minmay_shoptagon,
          grunt_megastairs_4
Vaults:1: portal_desolation_entry_garden, nicolae_vaults_little_squares_5,
          hangedman_vaults_corner, v_misc_29, v_misc_9, ontoclasm_vaults_hangar,
          nicolae_vaults_yaktaur_gun_rack, v_alt_pattern_4,
          vaults_room_door_ring, dpeg_vaults_hating_casters,
          grunt_vaults_hallway_short, grunt_vaults_hallway_short,
          layout_vaults_chaotic_city
Vaults:2: v_rooms_6, v_misc_17, nicolae_vaults_what_the_h, vaults_mumra_hexcomb,
          grunt_vaults_twisty, hangedman_vaults_variations, v_misc_2,
          vaults_dpeg_encased_lava, layout_vaults_quadrants
Vaults:3: ontoclasm_vaults_bender, vaults_mumra_minichess,
          hangedman_vaults_nails, minmay_crypt_entry_skeletal_spiral,
          nicolae_vaults_triangles, nicolae_vaults_ninety_degrees,
          nicolae_vaults_three_branches, v_misc_18, vaults_room_fancy_cross,
          vaults_room_octagon, nicolae_vaults_c_with_doors,
          ontoclasm_vaults_twist, layout_vaults_omnicross, serial_shops
Vaults:4: gammafunk_the_bubble [the_bubble_gammafunk_roulette],
          nicolae_vaults_network_barrier, nicolae_vaults_big_ls,
          vaults_room_fancy_cross, v_rooms_2, nicolae_vaults_alarming,
          nicolae_vaults_little_squares_1, vaults_room_stairs_pillars,
          v_misc_16, nicolae_vaults_circle_grid_a, v_misc_25, v_misc_25,
          v_rooms_6, vaults_room_pools, nicolae_vaults_network_square,
          nicolae_vaults_theta, layout_vaults_maze
Vaults:5: serial_shops, uniq_mara
Crypt:1:  layout_regular_city, basic_altar, grunt_megastairs_2,
          grunt_crypt_arrival_split, lemuel_upstairs_altar, uniq_vv
Crypt:2:  layout_misc_corridors, uniq_donald
Crypt:3:  lightli_unholy_cathedral, layout_chaotic_city
Tomb:1
Tomb:2
Tomb:3
Depths:1: layout_big_octagon, chequers_serial_rivers_small_a, hell_entry,
          abyss_entry_small_statue_room, st_stairs_3, lemuel_freeze_loot_1,
          firewood_loft, uniq_saint_roka, uniq_sojobo
Depths:2: minmay_complete_graph, layout_twisted_cross, enter_ziggurat_f,
          grunt_hell_horde, amcnicky_mini_pool_small, pan_entry, serial_shops,
          nicolae_diamond_shop, wad_floor_pattern_untrapped,
          nicolae_qazlal_general_emergency, minmay_staircase_statues
Depths:3: nicolae_cairo_tiling_large, layout_basic, kennysheep_small_spiral,
          serial_shops, nicolae_shop_trees, hangedman_coc_ice_floe, abyss_entry,
          hellmonk_okawaru_the_only_friend_you_need
Depths:4: evilmike_zot_entry_diamond, layout_gridlike, minmay_misc_feat_alley,
          pf_vacation_house_of_asmodeus, drop_trap,
          serial_sigils_hangedman_writhe, minmay_misc_feat_x
Hell
Dis:1:    layout_jigsaw
Dis:2:    layout_jigsaw
Dis:3:    layout_overlapping_boxes
Dis:6:    hangedman_dis_decor_blocks_mantle, layout_gridville,
          nicolae_dis_step_into_the_octagon
Dis:7:    iron_city_of_dis [dis_mu, dis_wall_2], layout_gridville
Geh:1:    layout_gehenna_pools_basic, hangedman_elemental_grid_stream
Geh:2:    layout_gehenna_lava_caves
Geh:3:    layout_gehenna_lava_caves
Geh:4:    layout_gehenna_lava_caves
Geh:5:    layout_gehenna_pools_triple
Geh:6:    layout_gehenna_pools_box
Geh:7:    geh_grunt_pentagon
Coc:1:    layout_cocytus_water_paths
Coc:2:    layout_cocytus_water_paths
Coc:3:    layout_ice_bergs
Coc:4:    layout_cocytus_water_paths
Coc:5:    layout_cocytus_delve
Coc:6:    layout_cocytus_delve, serial_ice, serial_ice_c
Coc:7:    coc_old
Tar:1:    layout_cathedral_of_symmetry, nicolae_tar_spectre_spectrum
Tar:2:    layout_grid_maze
Tar:3:    layout_cathedral_of_symmetry
Tar:4:    layout_honeycomb
Tar:5:    layout_cathedral_of_symmetry, nicolae_hells_fiendish_ambush
Tar:6:    layout_honeycomb
Tar:7:    tar_minmay_river
Zot:1:    layout_cathedral_of_symmetry
Zot:2:    layout_cathedral_of_symmetry
Zot:3:    layout_basic
Zot:4:    layout_gridlike, st_large_dragon_hoard_4
Zot:5:    layout_concentric_octagons

Skill      XL: |  1  2  3  4  5  6  7  8  9 10 11 12 13 14 15 16 17 18 19 20 21 22 23 24 25 26 27 |
---------------+----------------------------------------------------------------------------------+-----
Ranged Weapons | 5 6 7 8 9 11 12 14 17 18 | 18.0
Dodging        | 3 4 5 7 8 9 10 13 14 24 | 24.6
Fighting       | 3 4 5 6 7 8 9 10 11 16 27 | 27.0
Armour         | 1 3 4 5 7 8 10 16 27 | 27.0
Translocations | 3 5 17 | 17.2
Spellcasting   | 3 9 10 13 18 21 24 25 26 27 | 27.0
Invocations    | 10 14 | 14.0
Earth Magic    | 15 18 20 22 25 26 27 | 27.0
Conjurations   | 5 21 | 21.5
Fire Magic     | 23 | 23.4
Throwing       | 27 | 27.0
Shields        | 21 | 21.1
Necromancy     | 22 | 22.3
Transmutations | 14 | 14.5
Ice Magic      | 23 | 23.2
Staves         | 14 | 14.7
Evocations     | 15 | 15.8
Polearms       | 8 |  8.9
Stealth        | |  0.6

Action                     |  1- 3 |  4- 6 |  7- 9 | 10-12 | 13-15 | 16-18 | 19-21 | 22-24 | 25-27 || total
---------------------------+-------+-------+-------+-------+-------+-------+-------+-------+-------++-------
  Melee: Shortbow          |     1 |       |       |       |       |       |       |       |       ||     1
         Unarmed           |       |       |       |       |       |     5 |       |       |       ||     5
         Bo                |       |       |       |       |       |       |       |       |   145 ||   145
         Lance             |       |       |       |       |       |       |       |       |    32 ||    32
         Staff             |       |       |       |       |       |       |       |       |    25 ||    25
   Fire: Shortbow          |    49 |    18 |       |       |       |       |       |       |       ||    67
         Arbalest          |       |   151 |   126 |   307 |       |       |       |       |       ||   584
         Longbow           |       |       |       |    19 |   630 |  1156 |  1065 |   471 |    72 ||  3413
  Throw: Dart              |       |       |       |     8 |     3 |       |       |     1 |       ||    12
         Throwing net      |       |       |       |       |     2 |       |     1 |       |       ||     3
         Javelin           |       |       |       |       |       |       |       |       |     7 ||     7
   Cast: Apportation       |       |       |       |     8 |    54 |    23 |   197 |    96 |   701 ||  1079
         Passage of Golubr |       |       |       |       |       |    53 |   941 |   887 |   830 ||  2711
         Borgnjor's Vile C |       |       |       |       |       |       |   124 |   258 |    28 ||   410
         Blink             |       |       |       |       |       |       |     2 |     3 |    78 ||    83
         Dispersal         |       |       |       |       |       |       |     2 |       |       ||     2
         Lee's Rapid Decon |       |       |       |       |       |       |       |   137 |   117 ||   254
         Shatter           |       |       |       |       |       |       |       |       |  1023 ||  1023
         Sublimation of Bl |       |       |       |       |       |       |       |       |   476 ||   476
         Lehudib's Crystal |       |       |       |       |       |       |       |       |   251 ||   251
         Ignition          |       |       |       |       |       |       |       |       |   172 ||   172
         Polar Vortex      |       |       |       |       |       |       |       |       |   155 ||   155
         Necromutation     |       |       |       |       |       |       |       |       |   141 ||   141
         Fire Storm        |       |       |       |       |       |       |       |       |    37 ||    37
         Vhi's Electric Ch |       |       |       |       |       |       |       |       |    20 ||    20
         Ozocubu's Refrige |       |       |       |       |       |       |       |       |     3 ||     3
         Disjunction       |       |       |       |       |       |       |       |       |     1 ||     1
 Invoke: Slouch            |       |       |       |       |       |    21 |    17 |     1 |    14 ||    53
Ability: End Transformatio |       |       |       |       |       |       |       |       |    32 ||    32
         Evoke Blink       |       |       |       |       |       |       |       |       |     2 ||     2
  Evoke: Wand              |       |       |       |     5 |     8 |     2 |     5 |     3 |    11 ||    34
         Box of beasts     |       |       |       |       |     1 |     1 |       |       |       ||     2
         Tin of tremorston |       |       |       |       |       |     2 |       |       |       ||     2
         Condenser vane    |       |       |       |       |       |       |     1 |       |       ||     1
    Use: Scroll            |     1 |     7 |     6 |    16 |     7 |     7 |     8 |     7 |    52 ||   111
         Potion            |       |       |       |     4 |     3 |     9 |       |     1 |    44 ||    61
 Armour: Leather armour    |     6 |     3 |       |       |       |       |       |       |       ||     9
         Ring mail         |       |    41 |       |       |       |       |       |       |       ||    41
         Plate armour      |       |    50 |    19 |       |       |       |       |       |       ||    69
         Storm dragon scal |       |       |    43 |   187 |       |       |       |       |       ||   230
         Scale mail        |       |       |       |       |   122 |   196 |   156 |       |       ||   474
         Pearl dragon scal |       |       |       |       |       |       |    25 |    89 |     8 ||   122
         Gold dragon scale |       |       |       |       |       |       |       |       |   291 ||   291
         Crystal plate arm |       |       |       |       |       |       |       |       |   215 ||   215
         Skin              |       |       |       |       |       |       |       |       |    12 ||    12
  Dodge: Dodged            |    12 |    49 |    49 |   242 |   338 |   564 |   535 |   437 |  1425 ||  3651
  Block: Kite shield       |       |       |       |       |       |       |       |       |  1241 ||  1241

Table legend: (Time is in decaauts)
 A = Elapsed time spent in this place.
 B = Non-inter-level travel time spent in this place.
 C = Inter-level travel time spent in this place.
 D = Time resting spent in this place.
 E = Time spent auto-exploring this place.
 F = Levels seen in this place.
 G = Mean time per level.
                   A        B        C        D        E       F      G
               +--------+--------+--------+--------+--------+-----+--------+
         Total |  52608 |  47642 |   4966 |    493 |      0 | 138 |  381.2 |
       Dungeon |  13591 |  11816 |   1775 |      3 |      0 |  15 |  906.1 |
        Temple |     35 |     35 |      0 |      0 |      0 |   1 |   35.0 |
          Lair |   4003 |   3609 |    394 |      0 |      0 |   5 |  800.6 |
        Shoals |   3250 |   2927 |    323 |      4 |      0 |   4 |  812.5 |
     Snake Pit |   1417 |   1405 |     12 |      0 |      0 |   4 |  354.2 |
    Slime Pits |    581 |    581 |      0 |     36 |      0 |   5 |  116.2 |
  Orcish Mines |   1073 |    887 |    186 |      0 |      0 |   2 |  536.5 |
   Elven Halls |   1779 |   1748 |     31 |      0 |      0 |   3 |  593.0 |
        Vaults |   4287 |   3874 |    413 |      9 |      0 |   5 |  857.4 |
         Crypt |    970 |    898 |     72 |      0 |      0 |   3 |  323.3 |
          Tomb |   1181 |   1133 |     48 |     13 |      0 |   3 |  393.7 |
        Depths |   2484 |   1541 |    943 |      7 |      0 |   4 |  621.0 |
          Hell |    312 |    271 |     41 |      0 |      0 |   1 |  312.0 |
           Dis |   1303 |   1267 |     36 |      4 |      0 |   5 |  260.6 |
       Gehenna |    784 |    784 |      0 |      7 |      0 |   7 |  112.0 |
       Cocytus |    481 |    481 |      0 |      0 |      0 |   7 |   68.7 |
      Tartarus |   1714 |   1607 |    107 |      3 |      0 |   7 |  244.9 |
           Zot |   3117 |   2535 |    582 |     11 |      0 |   5 |  623.4 |
         Abyss |   3353 |   3353 |      0 |    335 |      0 |   6 |  558.8 |
   Pandemonium |   4580 |   4580 |      0 |     25 |      0 |  16 |  286.2 |
      Ziggurat |   1455 |   1455 |      0 |     34 |      0 |  27 |   53.9 |
      Ice Cave |    251 |    251 |      0 |      0 |      0 |   1 |  251.0 |
    Desolation |    417 |    417 |      0 |      0 |      0 |   1 |  417.0 |
      Gauntlet |    180 |    180 |      0 |      0 |      0 |   1 |  180.0 |
               +--------+--------+--------+--------+--------+-----+--------+

Top non-repeatable levels by time:
 Abyss:3: 2333 daAuts
     D:8: 1949 daAuts
     D:9: 1309 daAuts
     D:6: 1296 daAuts
     D:7: 1262 daAuts
Shoals:4: 1185 daAuts
   Zot:5: 1181 daAuts
   Tar:7: 1154 daAuts
   Dis:7: 1053 daAuts
  Lair:1: 982 daAuts
Vaults:4: 976 daAuts
Vaults:5: 954 daAuts
  Lair:3: 911 daAuts
     D:3: 877 daAuts
     D:1: 875 daAuts

Table legend:
 A = Kills in this place as a percentage of kills in the entire game.
 B = Kills by you in this place as a percentage of kills by you in the entire game.
 C = Kills by friends in this place as a percentage of kills by friends in the entire game.
 D = Other kills in this place as a percentage of other kills in the entire game.
 E = Experience gained in this place as a percentage of experience gained in the entire game.
 F = Experience gained in this place divided by the number of levels of this place that you have seen.
                   A       B       C       D       E      F
               +-------+-------+-------+-------+-------+----------------------
         Total | 100.0 | 100.0 | 100.0 | 100.0 | 100.0 | 28413.8
       Dungeon |   9.2 |   9.2 |   0.0 |   0.0 |   2.4 | 6312.2
          Lair |   4.3 |   4.3 |   0.0 |   0.0 |   2.1 | 16224.0
        Shoals |   2.7 |   2.7 |   0.0 |  12.5 |   1.7 | 16690.0
     Snake Pit |   5.4 |   5.4 |   0.0 |   0.0 |   3.4 | 33635.0
    Slime Pits |   2.8 |   2.8 |   0.0 |   0.0 |   2.5 | 19774.0
  Orcish Mines |   2.6 |   2.6 |   0.0 |  12.5 |   0.5 | 9455.0
   Elven Halls |   2.5 |   2.5 |   0.0 |  12.5 |   2.5 | 32279.3
        Vaults |   8.8 |   8.8 |   0.0 |  12.5 |   9.1 | 71755.0
         Crypt |   2.2 |   2.2 |   0.0 |   0.0 |   2.1 | 27029.0
          Tomb |   4.4 |   4.4 |   0.0 |   0.0 |   4.9 | 64455.7
        Depths |   3.7 |   3.8 |   0.0 |   0.0 |   4.2 | 40702.0
          Hell |   1.6 |   1.6 |   0.0 |   0.0 |   1.3 | 52083.0
           Dis |   2.5 |   2.5 |   0.0 |   0.0 |   4.8 | 37370.4
       Gehenna |   2.6 |   2.6 |   0.0 |   0.0 |   4.0 | 22379.3
       Cocytus |   3.5 |   3.5 |   0.0 |   0.0 |   5.3 | 29498.0
      Tartarus |   2.6 |   2.6 |   0.0 |   0.0 |   4.7 | 26191.6
           Zot |   3.9 |   3.9 |   0.0 |   0.0 |   7.4 | 57702.6
         Abyss |   4.6 |   4.6 |  12.5 |   0.0 |   3.2 | 20777.3
   Pandemonium |   9.5 |   9.5 |  12.5 |  12.5 |  11.3 | 27586.4
      Ziggurat |  17.6 |  17.6 |   0.0 |  37.5 |  21.3 | 30970.2
      Ice Cave |   1.0 |   1.0 |   0.0 |   0.0 |   0.2 | 9781.0
    Desolation |   1.7 |   1.7 |   0.0 |   0.0 |   1.1 | 43250.0
      Gauntlet |   0.3 |   0.1 |  75.0 |   0.0 |   0.1 | 4149.0
               +-------+-------+-------+-------+-------+----------------------
